Workbook

Sheet January
A1: January | F1: OVERVIEW | L1: LEFT TO SPEND | Q1: DAYS LEFT
F2: Start of Month | I2: 45658 | L2: =D16 -> 0 | Q2: =IF(TODAY()>DATE(YEAR(I2),MONTH(I2)+1,0),0,DATE(YEAR(I2),MONTH(I2)+1,0)-TODAY()+1) -> 0
F3: End of Month | I3: 45688
F4: Change Currency | I4: €
F5: Your Name
F6: Start Balance
A8: CASHFLOW
C9: BUDGET | D9: ACTUAL
A10: + Balance | C10: 0 | D10: 0
A11: + Income | C11: =C32 -> 0 | D11: =D32 -> 0
A12: - Bills | C12: =I48 -> 0 | D12: =J48 -> 0
A13: - Expenses | C13: =M48 -> 0 | D13: =N48 -> 0
A14: - Debt | C14: =T48 -> 0 | D14: =U48 -> 0
A15: - Savings | C15: =C48 -> 0 | D15: =D48 -> 0
A16: LEFT | C16: =C10+C11-C12-C13-C14-C15 -> 0 | D16: =D10+D11-D12-D13-D14-D15 -> 0
A18: INCOME | F18: BILLS | L18: EXPENSES | Q18: DEBT
A19: CATEGORY | C19: BUDGET | D19: ACTUAL | F19: CATEGORY | H19: DUE | I19: BUDGET | J19: ACTUAL | L19: CATEGORY | M19: BUDGET | N19: ACTUAL | O19: LEFT | Q19: CATEGORY | S19: DUE | T19: BUDGET | U19: ACTUAL
A20: Paycheck | F20: FALSE | G20: Internet | L20: Groceries | O20: =M20-N20 -> 0 | Q20: FALSE
A21: Business | F21: FALSE | G21: Water | L21: Dining out | O21: =M21-N21 -> 0 | Q21: FALSE
A22: Bonus | F22: FALSE | G22: Electricity | L22: Transport | O22: =M22-N22 -> 0 | Q22: FALSE
A23: Gifts | F23: FALSE | G23: Rent | L23: Household | O23: =M23-N23 -> 0 | Q23: FALSE
F24: FALSE | G24: Mobile | L24: Education | O24: =M24-N24 -> 0 | Q24: FALSE
F25: FALSE | G25: Health Insurance | L25: Health | O25: =M25-N25 -> 0 | Q25: FALSE
F26: FALSE | G26: Gas | L26: Beauty | O26: =M26-N26 -> 0 | Q26: FALSE
F27: FALSE | G27: Spotify | L27: Gifts | O27: =M27-N27 -> 0 | Q27: FALSE
F28: FALSE | G28: Netflix | L28: Clothes | O28: =M28-N28 -> 0 | Q28: FALSE
F29: FALSE | G29: Disney Plus | L29: Entertainment | O29: =M29-N29 -> 0 | Q29: FALSE
F30: FALSE | G30: Maintenance | L30: Miscellaneous | O30: =M30-N30 -> 0 | Q30: FALSE
F31: FALSE | G31: Car | O31: =M31-N31 -> 0 | Q31: FALSE
A32: TOTAL | C32: =SUM(C20:C31) -> 0 | D32: =SUM(D20:D31) -> 0 | F32: FALSE | O32: =M32-N32 -> 0 | Q32: FALSE
F33: FALSE | O33: =M33-N33 -> 0 | Q33: FALSE
A34: SAVINGS | F34: FALSE | O34: =M34-N34 -> 0 | Q34: FALSE
A35: CATEGORIE | C35: BUDGET | D35: ACTUAL | F35: FALSE | O35: =M35-N35 -> 0 | Q35: FALSE
A36: FALSE | B36: Car | F36: FALSE | O36: =M36-N36 -> 0 | Q36: FALSE
A37: FALSE | B37: House | F37: FALSE | O37: =M37-N37 -> 0 | Q37: FALSE
A38: FALSE | F38: FALSE | O38: =M38-N38 -> 0 | Q38: FALSE
A39: FALSE | F39: FALSE | O39: =M39-N39 -> 0 | Q39: FALSE
A40: FALSE | F40: FALSE | O40: =M40-N40 -> 0 | Q40: FALSE
A41: FALSE | F41: FALSE | O41: =M41-N41 -> 0 | Q41: FALSE
A42: FALSE | F42: FALSE | O42: =M42-N42 -> 0 | Q42: FALSE
A43: FALSE | F43: FALSE | O43: =M43-N43 -> 0 | Q43: FALSE
A44: FALSE | F44: FALSE | O44: =M44-N44 -> 0 | Q44: FALSE
A45: FALSE | F45: FALSE | O45: =M45-N45 -> 0 | Q45: FALSE
A46: FALSE | F46: FALSE | O46: =M46-N46 -> 0 | Q46: FALSE
A47: FALSE | F47: FALSE | O47: =M47-N47 -> 0 | Q47: FALSE
A48: TOTAL | C48: =SUM(C36:C47) -> 0 | D48: =SUM(IF(A36=TRUE,D36,0)+IF(A37=TRUE,D37,0)+IF(A38=TRUE,D38,0)+IF(A39=TRUE,D39,0)+IF(A40=TRUE,D40,0)+IF(A41=TRUE,D41,0)+IF(A42=TRUE,D42,0)+IF(A43=TRUE,D43,0)+IF(A44=TRUE,D44,0)+IF(A45=TRUE,D45,0)+IF(A46=TRUE,D46,0)+IF(A47=TRUE,D47,0)) -> 0 | F48: TOTAL | I48: =SUM(I20:I47) -> 0 | J48: =SUM(IF(F20=TRUE,J20,0)+IF(F21=TRUE,J21,0)+IF(F22=TRUE,J22,0)+IF(F23=TRUE,J23,0)+IF(F24=TRUE,J24,0)+IF(F25=TRUE,J25,0)+IF(F26=TRUE,J26,0)+IF(F27=TRUE,J27,0)+IF(F28=TRUE,J28,0)+IF(F29=TRUE,J29,0)+IF(F30=TRUE,J30,0)+IF(F31=TRUE,J31,0)+IF(F32=TRUE,J32,0)+IF(F33=TRUE,J33,0)+IF(F34=TRUE,J34,0)+IF(F35=TRUE,J35,0)+IF(F36=TRUE,J36,0)+IF(F37=TRUE,J37,0)+IF(F38=TRUE,J38,0)+IF(F39=TRUE,J39,0)+IF(F40=TRUE,J40,0)+IF(F41=TRUE,J41,0)+IF(F42=TRUE,J42,0)+IF(F43=TRUE,J43,0)+IF(F44=TRUE,J44,0)+IF(F45=TRUE,J45,0)+IF(F46=TRUE,J46,0)+IF(F47=TRUE,J47,0)) -> 0 | L48: TOTAL | M48: =SUM(M20:M47) -> 0 | N48: =SUM(N20:N47) -> 0 | O48: =SUM(O20:O47) -> 0 | Q48: TOTAL | T48: =SUM(T20:T47) -> 0 | U48: =SUM(IF(Q20=TRUE,U20,0)+IF(Q21=TRUE,U21,0)+IF(Q22=TRUE,U22,0)+IF(Q23=TRUE,U23,0)+IF(Q24=TRUE,U24,0)+IF(Q25=TRUE,U25,0)+IF(Q26=TRUE,U26,0)+IF(Q27=TRUE,U27,0)+IF(Q28=TRUE,U28,0)+IF(Q29=TRUE,U29,0)+IF(Q30=TRUE,U30,0)+IF(Q31=TRUE,U31,0)+IF(Q32=TRUE,U32,0)+IF(Q33=TRUE,U33,0)+IF(Q34=TRUE,U34,0)+IF(Q35=TRUE,U35,0)+IF(Q36=TRUE,U36,0)+IF(Q37=TRUE,U37,0)+IF(Q38=TRUE,U38,0)+IF(Q39=TRUE,U39,0)+IF(Q40=TRUE,U40,0)+IF(Q41=TRUE,U41,0)+IF(Q42=TRUE,U42,0)+IF(Q43=TRUE,U43,0)+IF(Q44=TRUE,U44,0)+IF(Q45=TRUE,U45,0)+IF(Q46=TRUE,U46,0)+IF(Q47=TRUE,U47,0)) -> 0
A50: EXPENSE TRACKER
A51: DATE | C51: AMOUNT | E51: CATEGORY | H51: NOTES
Q60: EXPENSE BREAKDOWN
Q61: CATEGORY | T61: TOTAL | U61: %
Q62: Transport | T62: {=SUM(IF($E$52:$G$86=$Q62,$C$52:$D$86,0))} -> 0 | U62: =IF($T$69=0,"",$T62/$T$69)
Q63: Groceries | T63: {=SUM(IF($E$52:$G$86=$Q63,$C$52:$D$86,0))} -> 0 | U63: =IF($T$69=0,"",$T63/$T$69)
Q64: Self Investment | T64: {=SUM(IF($E$52:$G$86=$Q64,$C$52:$D$86,0))} -> 0 | U64: =IF($T$69=0,"",$T64/$T$69)
Q65: Quality Time & Free Time | T65: {=SUM(IF($E$52:$G$86=$Q65,$C$52:$D$86,0))} -> 0 | U65: =IF($T$69=0,"",$T65/$T$69)
Q66: Household | T66: {=SUM(IF($E$52:$G$86=$Q66,$C$52:$D$86,0))} -> 0 | U66: =IF($T$69=0,"",$T66/$T$69)
Q67: Gifts | T67: {=SUM(IF($E$52:$G$86=$Q67,$C$52:$D$86,0))} -> 0 | U67: =IF($T$69=0,"",$T67/$T$69)
Q68: Others | T68: {=SUM(IF($E$52:$G$86=$Q68,$C$52:$D$86,0))} -> 0 | U68: =IF($T$69=0,"",$T68/$T$69)
Q69: TOTAL | T69: =SUM(T62:T69) -> 0 | U69: =SUM(U62:U68) -> 0
A87: TOTAL | C87: =SUM(C52:D86) -> 0

Sheet February
A1: February | F1: OVERVIEW | L1: LEFT TO SPEND | Q1: DAYS LEFT
F2: Start of Month | I2: 45689 | L2: =D16 -> 0 | Q2: =IF(TODAY()>DATE(YEAR(I2),MONTH(I2)+1,0),0,DATE(YEAR(I2),MONTH(I2)+1,0)-TODAY()+1) -> 0
F3: End of Month | I3: 45716
F4: Change Currency | I4: €
F5: Your Name
F6: Start Balance | I6: =January!D16 -> 0
A8: CASHFLOW
C9: BUDGET | D9: ACTUAL
A10: + Balance | C10: 0 | D10: 0
A11: + Income | C11: =C32 -> 0 | D11: =D32 -> 0
A12: - Bills | C12: =I48 -> 0 | D12: =J48 -> 0
A13: - Expenses | C13: =M48 -> 0 | D13: =N48 -> 0
A14: - Debt | C14: =T48 -> 0 | D14: =U48 -> 0
A15: - Savings | C15: =C48 -> 0 | D15: =D48 -> 0
A16: LEFT | C16: =C10+C11-C12-C13-C14-C15 -> 0 | D16: =D10+D11-D12-D13-D14-D15 -> 0
A18: INCOME | F18: BILLS | L18: EXPENSES | Q18: DEBT
A19: CATEGORY | C19: BUDGET | D19: ACTUAL | F19: CATEGORY | H19: DUE | I19: BUDGET | J19: ACTUAL | L19: CATEGORY | M19: BUDGET | N19: ACTUAL | O19: LEFT | Q19: CATEGORY | S19: DUE | T19: BUDGET | U19: ACTUAL
A20: =IF(January!A20="","",January!A20) -> Paycheck | F20: FALSE | G20: =IF(January!G20="","",January!G20) -> Internet | L20: =IF(January!L20="","",January!L20) -> Groceries | O20: =M20-N20 -> 0 | Q20: FALSE | R20: =IF(January!R20="","",January!R20)
A21: =IF(January!A21="","",January!A21) -> Business | F21: FALSE | G21: =IF(January!G21="","",January!G21) -> Water | L21: =IF(January!L21="","",January!L21) -> Dining out | O21: =M21-N21 -> 0 | Q21: FALSE | R21: =IF(January!R21="","",January!R21)
A22: =IF(January!A22="","",January!A22) -> Bonus | F22: FALSE | G22: =IF(January!G22="","",January!G22) -> Electricity | L22: =IF(January!L22="","",January!L22) -> Transport | O22: =M22-N22 -> 0 | Q22: FALSE | R22: =IF(January!R22="","",January!R22)
A23: =IF(January!A23="","",January!A23) -> Gifts | F23: FALSE | G23: =IF(January!G23="","",January!G23) -> Rent | L23: =IF(January!L23="","",January!L23) -> Household | O23: =M23-N23 -> 0 | Q23: FALSE | R23: =IF(January!R23="","",January!R23)
A24: =IF(January!A24="","",January!A24) | F24: FALSE | G24: =IF(January!G24="","",January!G24) -> Mobile | L24: =IF(January!L24="","",January!L24) -> Education | O24: =M24-N24 -> 0 | Q24: FALSE | R24: =IF(January!R24="","",January!R24)
A25: =IF(January!A25="","",January!A25) | F25: FALSE | G25: =IF(January!G25="","",January!G25) -> Health Insurance | L25: =IF(January!L25="","",January!L25) -> Health | O25: =M25-N25 -> 0 | Q25: FALSE | R25: =IF(January!R25="","",January!R25)
A26: =IF(January!A26="","",January!A26) | F26: FALSE | G26: =IF(January!G26="","",January!G26) -> Gas | L26: =IF(January!L26="","",January!L26) -> Beauty | O26: =M26-N26 -> 0 | Q26: FALSE | R26: =IF(January!R26="","",January!R26)
A27: =IF(January!A27="","",January!A27) | F27: FALSE | G27: =IF(January!G27="","",January!G27) -> Spotify | L27: =IF(January!L27="","",January!L27) -> Gifts | O27: =M27-N27 -> 0 | Q27: FALSE | R27: =IF(January!R27="","",January!R27)
A28: =IF(January!A28="","",January!A28) | F28: FALSE | G28: =IF(January!G28="","",January!G28) -> Netflix | L28: =IF(January!L28="","",January!L28) -> Clothes | O28: =M28-N28 -> 0 | Q28: FALSE | R28: =IF(January!R28="","",January!R28)
A29: =IF(January!A29="","",January!A29) | F29: FALSE | G29: =IF(January!G29="","",January!G29) -> Disney Plus | L29: =IF(January!L29="","",January!L29) -> Entertainment | O29: =M29-N29 -> 0 | Q29: FALSE | R29: =IF(January!R29="","",January!R29)
A30: =IF(January!A30="","",January!A30) | F30: FALSE | G30: =IF(January!G30="","",January!G30) -> Maintenance | L30: =IF(January!L30="","",January!L30) -> Miscellaneous | O30: =M30-N30 -> 0 | Q30: FALSE | R30: =IF(January!R30="","",January!R30)
A31: =IF(January!A31="","",January!A31) | F31: FALSE | G31: =IF(January!G31="","",January!G31) -> Car | L31: =IF(January!L31="","",January!L31) | O31: =M31-N31 -> 0 | Q31: FALSE | R31: =IF(January!R31="","",January!R31)
A32: TOTAL | C32: =SUM(C20:C31) -> 0 | D32: =SUM(D20:D31) -> 0 | F32: FALSE | G32: =IF(January!G32="","",January!G32) | L32: =IF(January!L32="","",January!L32) | O32: =M32-N32 -> 0 | Q32: FALSE | R32: =IF(January!R32="","",January!R32)
F33: FALSE | G33: =IF(January!G33="","",January!G33) | L33: =IF(January!L33="","",January!L33) | O33: =M33-N33 -> 0 | Q33: FALSE | R33: =IF(January!R33="","",January!R33)
A34: SAVINGS | F34: FALSE | G34: =IF(January!G34="","",January!G34) | L34: =IF(January!L34="","",January!L34) | O34: =M34-N34 -> 0 | Q34: FALSE | R34: =IF(January!R34="","",January!R34)
A35: CATEGORIE | C35: BUDGET | D35: ACTUAL | F35: FALSE | G35: =IF(January!G35="","",January!G35) | L35: =IF(January!L35="","",January!L35) | O35: =M35-N35 -> 0 | Q35: FALSE | R35: =IF(January!R35="","",January!R35)
A36: FALSE | B36: =IF(January!B36="","",January!B36) -> Car | F36: FALSE | G36: =IF(January!G36="","",January!G36) | L36: =IF(January!L36="","",January!L36) | O36: =M36-N36 -> 0 | Q36: FALSE | R36: =IF(January!R36="","",January!R36)
A37: FALSE | B37: =IF(January!B37="","",January!B37) -> House | F37: FALSE | G37: =IF(January!G37="","",January!G37) | L37: =IF(January!L37="","",January!L37) | O37: =M37-N37 -> 0 | Q37: FALSE | R37: =IF(January!R37="","",January!R37)
A38: FALSE | B38: =IF(January!B38="","",January!B38) | F38: FALSE | G38: =IF(January!G38="","",January!G38) | L38: =IF(January!L38="","",January!L38) | O38: =M38-N38 -> 0 | Q38: FALSE | R38: =IF(January!R38="","",January!R38)
A39: FALSE | B39: =IF(January!B39="","",January!B39) | F39: FALSE | G39: =IF(January!G39="","",January!G39) | L39: =IF(January!L39="","",January!L39) | O39: =M39-N39 -> 0 | Q39: FALSE | R39: =IF(January!R39="","",January!R39)
A40: FALSE | B40: =IF(January!B40="","",January!B40) | F40: FALSE | G40: =IF(January!G40="","",January!G40) | L40: =IF(January!L40="","",January!L40) | O40: =M40-N40 -> 0 | Q40: FALSE | R40: =IF(January!R40="","",January!R40)
A41: FALSE | B41: =IF(January!B41="","",January!B41) | F41: FALSE | G41: =IF(January!G41="","",January!G41) | L41: =IF(January!L41="","",January!L41) | O41: =M41-N41 -> 0 | Q41: FALSE | R41: =IF(January!R41="","",January!R41)
A42: FALSE | B42: =IF(January!B42="","",January!B42) | F42: FALSE | G42: =IF(January!G42="","",January!G42) | L42: =IF(January!L42="","",January!L42) | O42: =M42-N42 -> 0 | Q42: FALSE | R42: =IF(January!R42="","",January!R42)
A43: FALSE | B43: =IF(January!B43="","",January!B43) | F43: FALSE | G43: =IF(January!G43="","",January!G43) | L43: =IF(January!L43="","",January!L43) | O43: =M43-N43 -> 0 | Q43: FALSE | R43: =IF(January!R43="","",January!R43)
A44: FALSE | B44: =IF(January!B44="","",January!B44) | F44: FALSE | G44: =IF(January!G44="","",January!G44) | L44: =IF(January!L44="","",January!L44) | O44: =M44-N44 -> 0 | Q44: FALSE | R44: =IF(January!R44="","",January!R44)
A45: FALSE | B45: =IF(January!B45="","",January!B45) | F45: FALSE | G45: =IF(January!G45="","",January!G45) | L45: =IF(January!L45="","",January!L45) | O45: =M45-N45 -> 0 | Q45: FALSE | R45: =IF(January!R45="","",January!R45)
A46: FALSE | B46: =IF(January!B46="","",January!B46) | F46: FALSE | G46: =IF(January!G46="","",January!G46) | L46: =IF(January!L46="","",January!L46) | O46: =M46-N46 -> 0 | Q46: FALSE | R46: =IF(January!R46="","",January!R46)
A47: FALSE | B47: =IF(January!B47="","",January!B47) | F47: FALSE | G47: =IF(January!G47="","",January!G47) | L47: =IF(January!L47="","",January!L47) | O47: =M47-N47 -> 0 | Q47: FALSE | R47: =IF(January!R47="","",January!R47)
A48: TOTAL | C48: =SUM(C36:C47) -> 0 | D48: =SUM(IF(A36=TRUE,D36,0)+IF(A37=TRUE,D37,0)+IF(A38=TRUE,D38,0)+IF(A39=TRUE,D39,0)+IF(A40=TRUE,D40,0)+IF(A41=TRUE,D41,0)+IF(A42=TRUE,D42,0)+IF(A43=TRUE,D43,0)+IF(A44=TRUE,D44,0)+IF(A45=TRUE,D45,0)+IF(A46=TRUE,D46,0)+IF(A47=TRUE,D47,0)) -> 0 | F48: TOTAL | I48: =SUM(I20:I47) -> 0 | J48: =SUM(IF(F20=TRUE,J20,0)+IF(F21=TRUE,J21,0)+IF(F22=TRUE,J22,0)+IF(F23=TRUE,J23,0)+IF(F24=TRUE,J24,0)+IF(F25=TRUE,J25,0)+IF(F26=TRUE,J26,0)+IF(F27=TRUE,J27,0)+IF(F28=TRUE,J28,0)+IF(F29=TRUE,J29,0)+IF(F30=TRUE,J30,0)+IF(F31=TRUE,J31,0)+IF(F32=TRUE,J32,0)+IF(F33=TRUE,J33,0)+IF(F34=TRUE,J34,0)+IF(F35=TRUE,J35,0)+IF(F36=TRUE,J36,0)+IF(F37=TRUE,J37,0)+IF(F38=TRUE,J38,0)+IF(F39=TRUE,J39,0)+IF(F40=TRUE,J40,0)+IF(F41=TRUE,J41,0)+IF(F42=TRUE,J42,0)+IF(F43=TRUE,J43,0)+IF(F44=TRUE,J44,0)+IF(F45=TRUE,J45,0)+IF(F46=TRUE,J46,0)+IF(F47=TRUE,J47,0)) -> 0 | L48: TOTAL | M48: =SUM(M20:M47) -> 0 | N48: =SUM(N20:N47) -> 0 | O48: =SUM(O20:O47) -> 0 | Q48: TOTAL | T48: =SUM(T20:T47) -> 0 | U48: =SUM(IF(Q20=TRUE,U20,0)+IF(Q21=TRUE,U21,0)+IF(Q22=TRUE,U22,0)+IF(Q23=TRUE,U23,0)+IF(Q24=TRUE,U24,0)+IF(Q25=TRUE,U25,0)+IF(Q26=TRUE,U26,0)+IF(Q27=TRUE,U27,0)+IF(Q28=TRUE,U28,0)+IF(Q29=TRUE,U29,0)+IF(Q30=TRUE,U30,0)+IF(Q31=TRUE,U31,0)+IF(Q32=TRUE,U32,0)+IF(Q33=TRUE,U33,0)+IF(Q34=TRUE,U34,0)+IF(Q35=TRUE,U35,0)+IF(Q36=TRUE,U36,0)+IF(Q37=TRUE,U37,0)+IF(Q38=TRUE,U38,0)+IF(Q39=TRUE,U39,0)+IF(Q40=TRUE,U40,0)+IF(Q41=TRUE,U41,0)+IF(Q42=TRUE,U42,0)+IF(Q43=TRUE,U43,0)+IF(Q44=TRUE,U44,0)+IF(Q45=TRUE,U45,0)+IF(Q46=TRUE,U46,0)+IF(Q47=TRUE,U47,0)) -> 0
A50: EXPENSE TRACKER
A51: DATE | C51: AMOUNT | E51: CATEGORY | H51: NOTES
Q60: EXPENSE BREAKDOWN
Q61: CATEGORY | T61: TOTAL | U61: %
Q62: Transport | T62: {=SUM(IF($E$52:$G$86=$Q62,$C$52:$D$86,0))} -> 0 | U62: =IF($T$69=0,"",$T62/$T$69)
Q63: Groceries | T63: {=SUM(IF($E$52:$G$86=$Q63,$C$52:$D$86,0))} -> 0 | U63: =IF($T$69=0,"",$T63/$T$69)
Q64: Self Investment | T64: {=SUM(IF($E$52:$G$86=$Q64,$C$52:$D$86,0))} -> 0 | U64: =IF($T$69=0,"",$T64/$T$69)
Q65: Quality Time & Free Time | T65: {=SUM(IF($E$52:$G$86=$Q65,$C$52:$D$86,0))} -> 0 | U65: =IF($T$69=0,"",$T65/$T$69)
Q66: Household | T66: {=SUM(IF($E$52:$G$86=$Q66,$C$52:$D$86,0))} -> 0 | U66: =IF($T$69=0,"",$T66/$T$69)
Q67: Gifts | T67: {=SUM(IF($E$52:$G$86=$Q67,$C$52:$D$86,0))} -> 0 | U67: =IF($T$69=0,"",$T67/$T$69)
Q68: Others | T68: {=SUM(IF($E$52:$G$86=$Q68,$C$52:$D$86,0))} -> 0 | U68: =IF($T$69=0,"",$T68/$T$69)
Q69: TOTAL | T69: =SUM(T62:T69) -> 0 | U69: =SUM(U62:U68) -> 0
A87: TOTAL | C87: =SUM(C52:D86) -> 0

Sheet March
A1: March | F1: OVERVIEW | L1: LEFT TO SPEND | Q1: DAYS LEFT
F2: Start of Month | I2: 45717 | L2: =D16 -> 0 | Q2: =IF(TODAY()>DATE(YEAR(I2),MONTH(I2)+1,0),0,DATE(YEAR(I2),MONTH(I2)+1,0)-TODAY()+1) -> 0
F3: End of Month | I3: 45747
F4: Change Currency | I4: €
F5: Your Name
F6: Start Balance | I6: =February!D16 -> 0
A8: CASHFLOW
C9: BUDGET | D9: ACTUAL
A10: + Balance | C10: 0 | D10: 0
A11: + Income | C11: =C32 -> 0 | D11: =D32 -> 0
A12: - Bills | C12: =I48 -> 0 | D12: =J48 -> 0
A13: - Expenses | C13: =M48 -> 0 | D13: =N48 -> 0
A14: - Debt | C14: =T48 -> 0 | D14: =U48 -> 0
A15: - Savings | C15: =C48 -> 0 | D15: =D48 -> 0
A16: LEFT | C16: =C10+C11-C12-C13-C14-C15 -> 0 | D16: =D10+D11-D12-D13-D14-D15 -> 0
A18: INCOME | F18: BILLS | L18: EXPENSES | Q18: DEBT
A19: CATEGORY | C19: BUDGET | D19: ACTUAL | F19: CATEGORY | H19: DUE | I19: BUDGET | J19: ACTUAL | L19: CATEGORY | M19: BUDGET | N19: ACTUAL | O19: LEFT | Q19: CATEGORY | S19: DUE | T19: BUDGET | U19: ACTUAL
A20: =IF(January!A20="","",January!A20) -> Paycheck | F20: FALSE | G20: =IF(January!G20="","",January!G20) -> Internet | L20: =IF(January!L20="","",January!L20) -> Groceries | O20: =M20-N20 -> 0 | Q20: FALSE | R20: =IF(January!R20="","",January!R20)
A21: =IF(January!A21="","",January!A21) -> Business | F21: FALSE | G21: =IF(January!G21="","",January!G21) -> Water | L21: =IF(January!L21="","",January!L21) -> Dining out | O21: =M21-N21 -> 0 | Q21: FALSE | R21: =IF(January!R21="","",January!R21)
A22: =IF(January!A22="","",January!A22) -> Bonus | F22: FALSE | G22: =IF(January!G22="","",January!G22) -> Electricity | L22: =IF(January!L22="","",January!L22) -> Transport | O22: =M22-N22 -> 0 | Q22: FALSE | R22: =IF(January!R22="","",January!R22)
A23: =IF(January!A23="","",January!A23) -> Gifts | F23: FALSE | G23: =IF(January!G23="","",January!G23) -> Rent | L23: =IF(January!L23="","",January!L23) -> Household | O23: =M23-N23 -> 0 | Q23: FALSE | R23: =IF(January!R23="","",January!R23)
A24: =IF(January!A24="","",January!A24) | F24: FALSE | G24: =IF(January!G24="","",January!G24) -> Mobile | L24: =IF(January!L24="","",January!L24) -> Education | O24: =M24-N24 -> 0 | Q24: FALSE | R24: =IF(January!R24="","",January!R24)
A25: =IF(January!A25="","",January!A25) | F25: FALSE | G25: =IF(January!G25="","",January!G25) -> Health Insurance | L25: =IF(January!L25="","",January!L25) -> Health | O25: =M25-N25 -> 0 | Q25: FALSE | R25: =IF(January!R25="","",January!R25)
A26: =IF(January!A26="","",January!A26) | F26: FALSE | G26: =IF(January!G26="","",January!G26) -> Gas | L26: =IF(January!L26="","",January!L26) -> Beauty | O26: =M26-N26 -> 0 | Q26: FALSE | R26: =IF(January!R26="","",January!R26)
A27: =IF(January!A27="","",January!A27) | F27: FALSE | G27: =IF(January!G27="","",January!G27) -> Spotify | L27: =IF(January!L27="","",January!L27) -> Gifts | O27: =M27-N27 -> 0 | Q27: FALSE | R27: =IF(January!R27="","",January!R27)
A28: =IF(January!A28="","",January!A28) | F28: FALSE | G28: =IF(January!G28="","",January!G28) -> Netflix | L28: =IF(January!L28="","",January!L28) -> Clothes | O28: =M28-N28 -> 0 | Q28: FALSE | R28: =IF(January!R28="","",January!R28)
A29: =IF(January!A29="","",January!A29) | F29: FALSE | G29: =IF(January!G29="","",January!G29) -> Disney Plus | L29: =IF(January!L29="","",January!L29) -> Entertainment | O29: =M29-N29 -> 0 | Q29: FALSE | R29: =IF(January!R29="","",January!R29)
A30: =IF(January!A30="","",January!A30) | F30: FALSE | G30: =IF(January!G30="","",January!G30) -> Maintenance | L30: =IF(January!L30="","",January!L30) -> Miscellaneous | O30: =M30-N30 -> 0 | Q30: FALSE | R30: =IF(January!R30="","",January!R30)
A31: =IF(January!A31="","",January!A31) | F31: FALSE | G31: =IF(January!G31="","",January!G31) -> Car | L31: =IF(January!L31="","",January!L31) | O31: =M31-N31 -> 0 | Q31: FALSE | R31: =IF(January!R31="","",January!R31)
A32: TOTAL | C32: =SUM(C20:C31) -> 0 | D32: =SUM(D20:D31) -> 0 | F32: FALSE | G32: =IF(January!G32="","",January!G32) | L32: =IF(January!L32="","",January!L32) | O32: =M32-N32 -> 0 | Q32: FALSE | R32: =IF(January!R32="","",January!R32)
F33: FALSE | G33: =IF(January!G33="","",January!G33) | L33: =IF(January!L33="","",January!L33) | O33: =M33-N33 -> 0 | Q33: FALSE | R33: =IF(January!R33="","",January!R33)
A34: SAVINGS | F34: FALSE | G34: =IF(January!G34="","",January!G34) | L34: =IF(January!L34="","",January!L34) | O34: =M34-N34 -> 0 | Q34: FALSE | R34: =IF(January!R34="","",January!R34)
A35: CATEGORIE | C35: BUDGET | D35: ACTUAL | F35: FALSE | G35: =IF(January!G35="","",January!G35) | L35: =IF(January!L35="","",January!L35) | O35: =M35-N35 -> 0 | Q35: FALSE | R35: =IF(January!R35="","",January!R35)
A36: FALSE | B36: =IF(January!B36="","",January!B36) -> Car | F36: FALSE | G36: =IF(January!G36="","",January!G36) | L36: =IF(January!L36="","",January!L36) | O36: =M36-N36 -> 0 | Q36: FALSE | R36: =IF(January!R36="","",January!R36)
A37: FALSE | B37: =IF(January!B37="","",January!B37) -> House | F37: FALSE | G37: =IF(January!G37="","",January!G37) | L37: =IF(January!L37="","",January!L37) | O37: =M37-N37 -> 0 | Q37: FALSE | R37: =IF(January!R37="","",January!R37)
A38: FALSE | B38: =IF(January!B38="","",January!B38) | F38: FALSE | G38: =IF(January!G38="","",January!G38) | L38: =IF(January!L38="","",January!L38) | O38: =M38-N38 -> 0 | Q38: FALSE | R38: =IF(January!R38="","",January!R38)
A39: FALSE | B39: =IF(January!B39="","",January!B39) | F39: FALSE | G39: =IF(January!G39="","",January!G39) | L39: =IF(January!L39="","",January!L39) | O39: =M39-N39 -> 0 | Q39: FALSE | R39: =IF(January!R39="","",January!R39)
A40: FALSE | B40: =IF(January!B40="","",January!B40) | F40: FALSE | G40: =IF(January!G40="","",January!G40) | L40: =IF(January!L40="","",January!L40) | O40: =M40-N40 -> 0 | Q40: FALSE | R40: =IF(January!R40="","",January!R40)
A41: FALSE | B41: =IF(January!B41="","",January!B41) | F41: FALSE | G41: =IF(January!G41="","",January!G41) | L41: =IF(January!L41="","",January!L41) | O41: =M41-N41 -> 0 | Q41: FALSE | R41: =IF(January!R41="","",January!R41)
A42: FALSE | B42: =IF(January!B42="","",January!B42) | F42: FALSE | G42: =IF(January!G42="","",January!G42) | L42: =IF(January!L42="","",January!L42) | O42: =M42-N42 -> 0 | Q42: FALSE | R42: =IF(January!R42="","",January!R42)
A43: FALSE | B43: =IF(January!B43="","",January!B43) | F43: FALSE | G43: =IF(January!G43="","",January!G43) | L43: =IF(January!L43="","",January!L43) | O43: =M43-N43 -> 0 | Q43: FALSE | R43: =IF(January!R43="","",January!R43)
A44: FALSE | B44: =IF(January!B44="","",January!B44) | F44: FALSE | G44: =IF(January!G44="","",January!G44) | L44: =IF(January!L44="","",January!L44) | O44: =M44-N44 -> 0 | Q44: FALSE | R44: =IF(January!R44="","",January!R44)
A45: FALSE | B45: =IF(January!B45="","",January!B45) | F45: FALSE | G45: =IF(January!G45="","",January!G45) | L45: =IF(January!L45="","",January!L45) | O45: =M45-N45 -> 0 | Q45: FALSE | R45: =IF(January!R45="","",January!R45)
A46: FALSE | B46: =IF(January!B46="","",January!B46) | F46: FALSE | G46: =IF(January!G46="","",January!G46) | L46: =IF(January!L46="","",January!L46) | O46: =M46-N46 -> 0 | Q46: FALSE | R46: =IF(January!R46="","",January!R46)
A47: FALSE | B47: =IF(January!B47="","",January!B47) | F47: FALSE | G47: =IF(January!G47="","",January!G47) | L47: =IF(January!L47="","",January!L47) | O47: =M47-N47 -> 0 | Q47: FALSE | R47: =IF(January!R47="","",January!R47)
A48: TOTAL | C48: =SUM(C36:C47) -> 0 | D48: =SUM(IF(A36=TRUE,D36,0)+IF(A37=TRUE,D37,0)+IF(A38=TRUE,D38,0)+IF(A39=TRUE,D39,0)+IF(A40=TRUE,D40,0)+IF(A41=TRUE,D41,0)+IF(A42=TRUE,D42,0)+IF(A43=TRUE,D43,0)+IF(A44=TRUE,D44,0)+IF(A45=TRUE,D45,0)+IF(A46=TRUE,D46,0)+IF(A47=TRUE,D47,0)) -> 0 | F48: TOTAL | I48: =SUM(I20:I47) -> 0 | J48: =SUM(IF(F20=TRUE,J20,0)+IF(F21=TRUE,J21,0)+IF(F22=TRUE,J22,0)+IF(F23=TRUE,J23,0)+IF(F24=TRUE,J24,0)+IF(F25=TRUE,J25,0)+IF(F26=TRUE,J26,0)+IF(F27=TRUE,J27,0)+IF(F28=TRUE,J28,0)+IF(F29=TRUE,J29,0)+IF(F30=TRUE,J30,0)+IF(F31=TRUE,J31,0)+IF(F32=TRUE,J32,0)+IF(F33=TRUE,J33,0)+IF(F34=TRUE,J34,0)+IF(F35=TRUE,J35,0)+IF(F36=TRUE,J36,0)+IF(F37=TRUE,J37,0)+IF(F38=TRUE,J38,0)+IF(F39=TRUE,J39,0)+IF(F40=TRUE,J40,0)+IF(F41=TRUE,J41,0)+IF(F42=TRUE,J42,0)+IF(F43=TRUE,J43,0)+IF(F44=TRUE,J44,0)+IF(F45=TRUE,J45,0)+IF(F46=TRUE,J46,0)+IF(F47=TRUE,J47,0)) -> 0 | L48: TOTAL | M48: =SUM(M20:M47) -> 0 | N48: =SUM(N20:N47) -> 0 | O48: =SUM(O20:O47) -> 0 | Q48: TOTAL | T48: =SUM(T20:T47) -> 0 | U48: =SUM(IF(Q20=TRUE,U20,0)+IF(Q21=TRUE,U21,0)+IF(Q22=TRUE,U22,0)+IF(Q23=TRUE,U23,0)+IF(Q24=TRUE,U24,0)+IF(Q25=TRUE,U25,0)+IF(Q26=TRUE,U26,0)+IF(Q27=TRUE,U27,0)+IF(Q28=TRUE,U28,0)+IF(Q29=TRUE,U29,0)+IF(Q30=TRUE,U30,0)+IF(Q31=TRUE,U31,0)+IF(Q32=TRUE,U32,0)+IF(Q33=TRUE,U33,0)+IF(Q34=TRUE,U34,0)+IF(Q35=TRUE,U35,0)+IF(Q36=TRUE,U36,0)+IF(Q37=TRUE,U37,0)+IF(Q38=TRUE,U38,0)+IF(Q39=TRUE,U39,0)+IF(Q40=TRUE,U40,0)+IF(Q41=TRUE,U41,0)+IF(Q42=TRUE,U42,0)+IF(Q43=TRUE,U43,0)+IF(Q44=TRUE,U44,0)+IF(Q45=TRUE,U45,0)+IF(Q46=TRUE,U46,0)+IF(Q47=TRUE,U47,0)) -> 0
A50: EXPENSE TRACKER
A51: DATE | C51: AMOUNT | E51: CATEGORY | H51: NOTES
Q60: EXPENSE BREAKDOWN
Q61: CATEGORY | T61: TOTAL | U61: %
Q62: Transport | T62: {=SUM(IF($E$52:$G$86=$Q62,$C$52:$D$86,0))} -> 0 | U62: =IF($T$69=0,"",$T62/$T$69)
Q63: Groceries | T63: {=SUM(IF($E$52:$G$86=$Q63,$C$52:$D$86,0))} -> 0 | U63: =IF($T$69=0,"",$T63/$T$69)
Q64: Self Investment | T64: {=SUM(IF($E$52:$G$86=$Q64,$C$52:$D$86,0))} -> 0 | U64: =IF($T$69=0,"",$T64/$T$69)
Q65: Quality Time & Free Time | T65: {=SUM(IF($E$52:$G$86=$Q65,$C$52:$D$86,0))} -> 0 | U65: =IF($T$69=0,"",$T65/$T$69)
Q66: Household | T66: {=SUM(IF($E$52:$G$86=$Q66,$C$52:$D$86,0))} -> 0 | U66: =IF($T$69=0,"",$T66/$T$69)
Q67: Gifts | T67: {=SUM(IF($E$52:$G$86=$Q67,$C$52:$D$86,0))} -> 0 | U67: =IF($T$69=0,"",$T67/$T$69)
Q68: Others | T68: {=SUM(IF($E$52:$G$86=$Q68,$C$52:$D$86,0))} -> 0 | U68: =IF($T$69=0,"",$T68/$T$69)
Q69: TOTAL | T69: =SUM(T62:T69) -> 0 | U69: =SUM(U62:U68) -> 0
A87: TOTAL | C87: =SUM(C52:D86) -> 0

Sheet April
A1: April | F1: OVERVIEW | L1: LEFT TO SPEND | Q1: DAYS LEFT
F2: Start of Month | I2: 45748 | L2: =D16 -> 0 | Q2: =IF(TODAY()>DATE(YEAR(I2),MONTH(I2)+1,0),0,DATE(YEAR(I2),MONTH(I2)+1,0)-TODAY()+1) -> 0
F3: End of Month | I3: 45777
F4: Change Currency | I4: €
F5: Your Name
F6: Start Balance | I6: =March!D16 -> 0
A8: CASHFLOW
C9: BUDGET | D9: ACTUAL
A10: + Balance | C10: 0 | D10: 0
A11: + Income | C11: =C32 -> 0 | D11: =D32 -> 0
A12: - Bills | C12: =I48 -> 0 | D12: =J48 -> 0
A13: - Expenses | C13: =M48 -> 0 | D13: =N48 -> 0
A14: - Debt | C14: =T48 -> 0 | D14: =U48 -> 0
A15: - Savings | C15: =C48 -> 0 | D15: =D48 -> 0
A16: LEFT | C16: =C10+C11-C12-C13-C14-C15 -> 0 | D16: =D10+D11-D12-D13-D14-D15 -> 0
A18: INCOME | F18: BILLS | L18: EXPENSES | Q18: DEBT
A19: CATEGORY | C19: BUDGET | D19: ACTUAL | F19: CATEGORY | H19: DUE | I19: BUDGET | J19: ACTUAL | L19: CATEGORY | M19: BUDGET | N19: ACTUAL | O19: LEFT | Q19: CATEGORY | S19: DUE | T19: BUDGET | U19: ACTUAL
A20: =IF(January!A20="","",January!A20) -> Paycheck | F20: FALSE | G20: =IF(January!G20="","",January!G20) -> Internet | L20: =IF(January!L20="","",January!L20) -> Groceries | O20: =M20-N20 -> 0 | Q20: FALSE | R20: =IF(January!R20="","",January!R20)
A21: =IF(January!A21="","",January!A21) -> Business | F21: FALSE | G21: =IF(January!G21="","",January!G21) -> Water | L21: =IF(January!L21="","",January!L21) -> Dining out | O21: =M21-N21 -> 0 | Q21: FALSE | R21: =IF(January!R21="","",January!R21)
A22: =IF(January!A22="","",January!A22) -> Bonus | F22: FALSE | G22: =IF(January!G22="","",January!G22) -> Electricity | L22: =IF(January!L22="","",January!L22) -> Transport | O22: =M22-N22 -> 0 | Q22: FALSE | R22: =IF(January!R22="","",January!R22)
A23: =IF(January!A23="","",January!A23) -> Gifts | F23: FALSE | G23: =IF(January!G23="","",January!G23) -> Rent | L23: =IF(January!L23="","",January!L23) -> Household | O23: =M23-N23 -> 0 | Q23: FALSE | R23: =IF(January!R23="","",January!R23)
A24: =IF(January!A24="","",January!A24) | F24: FALSE | G24: =IF(January!G24="","",January!G24) -> Mobile | L24: =IF(January!L24="","",January!L24) -> Education | O24: =M24-N24 -> 0 | Q24: FALSE | R24: =IF(January!R24="","",January!R24)
A25: =IF(January!A25="","",January!A25) | F25: FALSE | G25: =IF(January!G25="","",January!G25) -> Health Insurance | L25: =IF(January!L25="","",January!L25) -> Health | O25: =M25-N25 -> 0 | Q25: FALSE | R25: =IF(January!R25="","",January!R25)
A26: =IF(January!A26="","",January!A26) | F26: FALSE | G26: =IF(January!G26="","",January!G26) -> Gas | L26: =IF(January!L26="","",January!L26) -> Beauty | O26: =M26-N26 -> 0 | Q26: FALSE | R26: =IF(January!R26="","",January!R26)
A27: =IF(January!A27="","",January!A27) | F27: FALSE | G27: =IF(January!G27="","",January!G27) -> Spotify | L27: =IF(January!L27="","",January!L27) -> Gifts | O27: =M27-N27 -> 0 | Q27: FALSE | R27: =IF(January!R27="","",January!R27)
A28: =IF(January!A28="","",January!A28) | F28: FALSE | G28: =IF(January!G28="","",January!G28) -> Netflix | L28: =IF(January!L28="","",January!L28) -> Clothes | O28: =M28-N28 -> 0 | Q28: FALSE | R28: =IF(January!R28="","",January!R28)
A29: =IF(January!A29="","",January!A29) | F29: FALSE | G29: =IF(January!G29="","",January!G29) -> Disney Plus | L29: =IF(January!L29="","",January!L29) -> Entertainment | O29: =M29-N29 -> 0 | Q29: FALSE | R29: =IF(January!R29="","",January!R29)
A30: =IF(January!A30="","",January!A30) | F30: FALSE | G30: =IF(January!G30="","",January!G30) -> Maintenance | L30: =IF(January!L30="","",January!L30) -> Miscellaneous | O30: =M30-N30 -> 0 | Q30: FALSE | R30: =IF(January!R30="","",January!R30)
A31: =IF(January!A31="","",January!A31) | F31: FALSE | G31: =IF(January!G31="","",January!G31) -> Car | L31: =IF(January!L31="","",January!L31) | O31: =M31-N31 -> 0 | Q31: FALSE | R31: =IF(January!R31="","",January!R31)
A32: TOTAL | C32: =SUM(C20:C31) -> 0 | D32: =SUM(D20:D31) -> 0 | F32: FALSE | G32: =IF(January!G32="","",January!G32) | L32: =IF(January!L32="","",January!L32) | O32: =M32-N32 -> 0 | Q32: FALSE | R32: =IF(January!R32="","",January!R32)
F33: FALSE | G33: =IF(January!G33="","",January!G33) | L33: =IF(January!L33="","",January!L33) | O33: =M33-N33 -> 0 | Q33: FALSE | R33: =IF(January!R33="","",January!R33)
A34: SAVINGS | F34: FALSE | G34: =IF(January!G34="","",January!G34) | L34: =IF(January!L34="","",January!L34) | O34: =M34-N34 -> 0 | Q34: FALSE | R34: =IF(January!R34="","",January!R34)
A35: CATEGORIE | C35: BUDGET | D35: ACTUAL | F35: FALSE | G35: =IF(January!G35="","",January!G35) | L35: =IF(January!L35="","",January!L35) | O35: =M35-N35 -> 0 | Q35: FALSE | R35: =IF(January!R35="","",January!R35)
A36: FALSE | B36: =IF(January!B36="","",January!B36) -> Car | F36: FALSE | G36: =IF(January!G36="","",January!G36) | L36: =IF(January!L36="","",January!L36) | O36: =M36-N36 -> 0 | Q36: FALSE | R36: =IF(January!R36="","",January!R36)
A37: FALSE | B37: =IF(January!B37="","",January!B37) -> House | F37: FALSE | G37: =IF(January!G37="","",January!G37) | L37: =IF(January!L37="","",January!L37) | O37: =M37-N37 -> 0 | Q37: FALSE | R37: =IF(January!R37="","",January!R37)
A38: FALSE | B38: =IF(January!B38="","",January!B38) | F38: FALSE | G38: =IF(January!G38="","",January!G38) | L38: =IF(January!L38="","",January!L38) | O38: =M38-N38 -> 0 | Q38: FALSE | R38: =IF(January!R38="","",January!R38)
A39: FALSE | B39: =IF(January!B39="","",January!B39) | F39: FALSE | G39: =IF(January!G39="","",January!G39) | L39: =IF(January!L39="","",January!L39) | O39: =M39-N39 -> 0 | Q39: FALSE | R39: =IF(January!R39="","",January!R39)
A40: FALSE | B40: =IF(January!B40="","",January!B40) | F40: FALSE | G40: =IF(January!G40="","",January!G40) | L40: =IF(January!L40="","",January!L40) | O40: =M40-N40 -> 0 | Q40: FALSE | R40: =IF(January!R40="","",January!R40)
A41: FALSE | B41: =IF(January!B41="","",January!B41) | F41: FALSE | G41: =IF(January!G41="","",January!G41) | L41: =IF(January!L41="","",January!L41) | O41: =M41-N41 -> 0 | Q41: FALSE | R41: =IF(January!R41="","",January!R41)
A42: FALSE | B42: =IF(January!B42="","",January!B42) | F42: FALSE | G42: =IF(January!G42="","",January!G42) | L42: =IF(January!L42="","",January!L42) | O42: =M42-N42 -> 0 | Q42: FALSE | R42: =IF(January!R42="","",January!R42)
A43: FALSE | B43: =IF(January!B43="","",January!B43) | F43: FALSE | G43: =IF(January!G43="","",January!G43) | L43: =IF(January!L43="","",January!L43) | O43: =M43-N43 -> 0 | Q43: FALSE | R43: =IF(January!R43="","",January!R43)
A44: FALSE | B44: =IF(January!B44="","",January!B44) | F44: FALSE | G44: =IF(January!G44="","",January!G44) | L44: =IF(January!L44="","",January!L44) | O44: =M44-N44 -> 0 | Q44: FALSE | R44: =IF(January!R44="","",January!R44)
A45: FALSE | B45: =IF(January!B45="","",January!B45) | F45: FALSE | G45: =IF(January!G45="","",January!G45) | L45: =IF(January!L45="","",January!L45) | O45: =M45-N45 -> 0 | Q45: FALSE | R45: =IF(January!R45="","",January!R45)
A46: FALSE | B46: =IF(January!B46="","",January!B46) | F46: FALSE | G46: =IF(January!G46="","",January!G46) | L46: =IF(January!L46="","",January!L46) | O46: =M46-N46 -> 0 | Q46: FALSE | R46: =IF(January!R46="","",January!R46)
A47: FALSE | B47: =IF(January!B47="","",January!B47) | F47: FALSE | G47: =IF(January!G47="","",January!G47) | L47: =IF(January!L47="","",January!L47) | O47: =M47-N47 -> 0 | Q47: FALSE | R47: =IF(January!R47="","",January!R47)
A48: TOTAL | C48: =SUM(C36:C47) -> 0 | D48: =SUM(IF(A36=TRUE,D36,0)+IF(A37=TRUE,D37,0)+IF(A38=TRUE,D38,0)+IF(A39=TRUE,D39,0)+IF(A40=TRUE,D40,0)+IF(A41=TRUE,D41,0)+IF(A42=TRUE,D42,0)+IF(A43=TRUE,D43,0)+IF(A44=TRUE,D44,0)+IF(A45=TRUE,D45,0)+IF(A46=TRUE,D46,0)+IF(A47=TRUE,D47,0)) -> 0 | F48: TOTAL | I48: =SUM(I20:I47) -> 0 | J48: =SUM(IF(F20=TRUE,J20,0)+IF(F21=TRUE,J21,0)+IF(F22=TRUE,J22,0)+IF(F23=TRUE,J23,0)+IF(F24=TRUE,J24,0)+IF(F25=TRUE,J25,0)+IF(F26=TRUE,J26,0)+IF(F27=TRUE,J27,0)+IF(F28=TRUE,J28,0)+IF(F29=TRUE,J29,0)+IF(F30=TRUE,J30,0)+IF(F31=TRUE,J31,0)+IF(F32=TRUE,J32,0)+IF(F33=TRUE,J33,0)+IF(F34=TRUE,J34,0)+IF(F35=TRUE,J35,0)+IF(F36=TRUE,J36,0)+IF(F37=TRUE,J37,0)+IF(F38=TRUE,J38,0)+IF(F39=TRUE,J39,0)+IF(F40=TRUE,J40,0)+IF(F41=TRUE,J41,0)+IF(F42=TRUE,J42,0)+IF(F43=TRUE,J43,0)+IF(F44=TRUE,J44,0)+IF(F45=TRUE,J45,0)+IF(F46=TRUE,J46,0)+IF(F47=TRUE,J47,0)) -> 0 | L48: TOTAL | M48: =SUM(M20:M47) -> 0 | N48: =SUM(N20:N47) -> 0 | O48: =SUM(O20:O47) -> 0 | Q48: TOTAL | T48: =SUM(T20:T47) -> 0 | U48: =SUM(IF(Q20=TRUE,U20,0)+IF(Q21=TRUE,U21,0)+IF(Q22=TRUE,U22,0)+IF(Q23=TRUE,U23,0)+IF(Q24=TRUE,U24,0)+IF(Q25=TRUE,U25,0)+IF(Q26=TRUE,U26,0)+IF(Q27=TRUE,U27,0)+IF(Q28=TRUE,U28,0)+IF(Q29=TRUE,U29,0)+IF(Q30=TRUE,U30,0)+IF(Q31=TRUE,U31,0)+IF(Q32=TRUE,U32,0)+IF(Q33=TRUE,U33,0)+IF(Q34=TRUE,U34,0)+IF(Q35=TRUE,U35,0)+IF(Q36=TRUE,U36,0)+IF(Q37=TRUE,U37,0)+IF(Q38=TRUE,U38,0)+IF(Q39=TRUE,U39,0)+IF(Q40=TRUE,U40,0)+IF(Q41=TRUE,U41,0)+IF(Q42=TRUE,U42,0)+IF(Q43=TRUE,U43,0)+IF(Q44=TRUE,U44,0)+IF(Q45=TRUE,U45,0)+IF(Q46=TRUE,U46,0)+IF(Q47=TRUE,U47,0)) -> 0
A50: EXPENSE TRACKER
A51: DATE | C51: AMOUNT | E51: CATEGORY | H51: NOTES
Q60: EXPENSE BREAKDOWN
Q61: CATEGORY | T61: TOTAL | U61: %
Q62: Transport | T62: {=SUM(IF($E$52:$G$86=$Q62,$C$52:$D$86,0))} -> 0 | U62: =IF($T$69=0,"",$T62/$T$69)
Q63: Groceries | T63: {=SUM(IF($E$52:$G$86=$Q63,$C$52:$D$86,0))} -> 0 | U63: =IF($T$69=0,"",$T63/$T$69)
Q64: Self Investment | T64: {=SUM(IF($E$52:$G$86=$Q64,$C$52:$D$86,0))} -> 0 | U64: =IF($T$69=0,"",$T64/$T$69)
Q65: Quality Time & Free Time | T65: {=SUM(IF($E$52:$G$86=$Q65,$C$52:$D$86,0))} -> 0 | U65: =IF($T$69=0,"",$T65/$T$69)
Q66: Household | T66: {=SUM(IF($E$52:$G$86=$Q66,$C$52:$D$86,0))} -> 0 | U66: =IF($T$69=0,"",$T66/$T$69)
Q67: Gifts | T67: {=SUM(IF($E$52:$G$86=$Q67,$C$52:$D$86,0))} -> 0 | U67: =IF($T$69=0,"",$T67/$T$69)
Q68: Others | T68: {=SUM(IF($E$52:$G$86=$Q68,$C$52:$D$86,0))} -> 0 | U68: =IF($T$69=0,"",$T68/$T$69)
Q69: TOTAL | T69: =SUM(T62:T69) -> 0 | U69: =SUM(U62:U68) -> 0
A87: TOTAL | C87: =SUM(C52:D86) -> 0

Sheet May
A1: May | F1: OVERVIEW | L1: LEFT TO SPEND | Q1: DAYS LEFT
F2: Start of Month | I2: 45778 | L2: =D16 -> 0 | Q2: =IF(TODAY()>DATE(YEAR(I2),MONTH(I2)+1,0),0,DATE(YEAR(I2),MONTH(I2)+1,0)-TODAY()+1) -> 0
F3: End of Month | I3: 45808
F4: Change Currency | I4: €
F5: Your Name
F6: Start Balance | I6: =April!D16 -> 0
A8: CASHFLOW
C9: BUDGET | D9: ACTUAL
A10: + Balance | C10: 0 | D10: 0
A11: + Income | C11: =C32 -> 0 | D11: =D32 -> 0
A12: - Bills | C12: =I48 -> 0 | D12: =J48 -> 0
A13: - Expenses | C13: =M48 -> 0 | D13: =N48 -> 0
A14: - Debt | C14: =T48 -> 0 | D14: =U48 -> 0
A15: - Savings | C15: =C48 -> 0 | D15: =D48 -> 0
A16: LEFT | C16: =C10+C11-C12-C13-C14-C15 -> 0 | D16: =D10+D11-D12-D13-D14-D15 -> 0
A18: INCOME | F18: BILLS | L18: EXPENSES | Q18: DEBT
A19: CATEGORY | C19: BUDGET | D19: ACTUAL | F19: CATEGORY | H19: DUE | I19: BUDGET | J19: ACTUAL | L19: CATEGORY | M19: BUDGET | N19: ACTUAL | O19: LEFT | Q19: CATEGORY | S19: DUE | T19: BUDGET | U19: ACTUAL
A20: =IF(January!A20="","",January!A20) -> Paycheck | F20: FALSE | G20: =IF(January!G20="","",January!G20) -> Internet | L20: =IF(January!L20="","",January!L20) -> Groceries | O20: =M20-N20 -> 0 | Q20: FALSE | R20: =IF(January!R20="","",January!R20)
A21: =IF(January!A21="","",January!A21) -> Business | F21: FALSE | G21: =IF(January!G21="","",January!G21) -> Water | L21: =IF(January!L21="","",January!L21) -> Dining out | O21: =M21-N21 -> 0 | Q21: FALSE | R21: =IF(January!R21="","",January!R21)
A22: =IF(January!A22="","",January!A22) -> Bonus | F22: FALSE | G22: =IF(January!G22="","",January!G22) -> Electricity | L22: =IF(January!L22="","",January!L22) -> Transport | O22: =M22-N22 -> 0 | Q22: FALSE | R22: =IF(January!R22="","",January!R22)
A23: =IF(January!A23="","",January!A23) -> Gifts | F23: FALSE | G23: =IF(January!G23="","",January!G23) -> Rent | L23: =IF(January!L23="","",January!L23) -> Household | O23: =M23-N23 -> 0 | Q23: FALSE | R23: =IF(January!R23="","",January!R23)
A24: =IF(January!A24="","",January!A24) | F24: FALSE | G24: =IF(January!G24="","",January!G24) -> Mobile | L24: =IF(January!L24="","",January!L24) -> Education | O24: =M24-N24 -> 0 | Q24: FALSE | R24: =IF(January!R24="","",January!R24)
A25: =IF(January!A25="","",January!A25) | F25: FALSE | G25: =IF(January!G25="","",January!G25) -> Health Insurance | L25: =IF(January!L25="","",January!L25) -> Health | O25: =M25-N25 -> 0 | Q25: FALSE | R25: =IF(January!R25="","",January!R25)
A26: =IF(January!A26="","",January!A26) | F26: FALSE | G26: =IF(January!G26="","",January!G26) -> Gas | L26: =IF(January!L26="","",January!L26) -> Beauty | O26: =M26-N26 -> 0 | Q26: FALSE | R26: =IF(January!R26="","",January!R26)
A27: =IF(January!A27="","",January!A27) | F27: FALSE | G27: =IF(January!G27="","",January!G27) -> Spotify | L27: =IF(January!L27="","",January!L27) -> Gifts | O27: =M27-N27 -> 0 | Q27: FALSE | R27: =IF(January!R27="","",January!R27)
A28: =IF(January!A28="","",January!A28) | F28: FALSE | G28: =IF(January!G28="","",January!G28) -> Netflix | L28: =IF(January!L28="","",January!L28) -> Clothes | O28: =M28-N28 -> 0 | Q28: FALSE | R28: =IF(January!R28="","",January!R28)
A29: =IF(January!A29="","",January!A29) | F29: FALSE | G29: =IF(January!G29="","",January!G29) -> Disney Plus | L29: =IF(January!L29="","",January!L29) -> Entertainment | O29: =M29-N29 -> 0 | Q29: FALSE | R29: =IF(January!R29="","",January!R29)
A30: =IF(January!A30="","",January!A30) | F30: FALSE | G30: =IF(January!G30="","",January!G30) -> Maintenance | L30: =IF(January!L30="","",January!L30) -> Miscellaneous | O30: =M30-N30 -> 0 | Q30: FALSE | R30: =IF(January!R30="","",January!R30)
A31: =IF(January!A31="","",January!A31) | F31: FALSE | G31: =IF(January!G31="","",January!G31) -> Car | L31: =IF(January!L31="","",January!L31) | O31: =M31-N31 -> 0 | Q31: FALSE | R31: =IF(January!R31="","",January!R31)
A32: TOTAL | C32: =SUM(C20:C31) -> 0 | D32: =SUM(D20:D31) -> 0 | F32: FALSE | G32: =IF(January!G32="","",January!G32) | L32: =IF(January!L32="","",January!L32) | O32: =M32-N32 -> 0 | Q32: FALSE | R32: =IF(January!R32="","",January!R32)
F33: FALSE | G33: =IF(January!G33="","",January!G33) | L33: =IF(January!L33="","",January!L33) | O33: =M33-N33 -> 0 | Q33: FALSE | R33: =IF(January!R33="","",January!R33)
A34: SAVINGS | F34: FALSE | G34: =IF(January!G34="","",January!G34) | L34: =IF(January!L34="","",January!L34) | O34: =M34-N34 -> 0 | Q34: FALSE | R34: =IF(January!R34="","",January!R34)
A35: CATEGORIE | C35: BUDGET | D35: ACTUAL | F35: FALSE | G35: =IF(January!G35="","",January!G35) | L35: =IF(January!L35="","",January!L35) | O35: =M35-N35 -> 0 | Q35: FALSE | R35: =IF(January!R35="","",January!R35)
A36: FALSE | B36: =IF(January!B36="","",January!B36) -> Car | F36: FALSE | G36: =IF(January!G36="","",January!G36) | L36: =IF(January!L36="","",January!L36) | O36: =M36-N36 -> 0 | Q36: FALSE | R36: =IF(January!R36="","",January!R36)
A37: FALSE | B37: =IF(January!B37="","",January!B37) -> House | F37: FALSE | G37: =IF(January!G37="","",January!G37) | L37: =IF(January!L37="","",January!L37) | O37: =M37-N37 -> 0 | Q37: FALSE | R37: =IF(January!R37="","",January!R37)
A38: FALSE | B38: =IF(January!B38="","",January!B38) | F38: FALSE | G38: =IF(January!G38="","",January!G38) | L38: =IF(January!L38="","",January!L38) | O38: =M38-N38 -> 0 | Q38: FALSE | R38: =IF(January!R38="","",January!R38)
A39: FALSE | B39: =IF(January!B39="","",January!B39) | F39: FALSE | G39: =IF(January!G39="","",January!G39) | L39: =IF(January!L39="","",January!L39) | O39: =M39-N39 -> 0 | Q39: FALSE | R39: =IF(January!R39="","",January!R39)
A40: FALSE | B40: =IF(January!B40="","",January!B40) | F40: FALSE | G40: =IF(January!G40="","",January!G40) | L40: =IF(January!L40="","",January!L40) | O40: =M40-N40 -> 0 | Q40: FALSE | R40: =IF(January!R40="","",January!R40)
A41: FALSE | B41: =IF(January!B41="","",January!B41) | F41: FALSE | G41: =IF(January!G41="","",January!G41) | L41: =IF(January!L41="","",January!L41) | O41: =M41-N41 -> 0 | Q41: FALSE | R41: =IF(January!R41="","",January!R41)
A42: FALSE | B42: =IF(January!B42="","",January!B42) | F42: FALSE | G42: =IF(January!G42="","",January!G42) | L42: =IF(January!L42="","",January!L42) | O42: =M42-N42 -> 0 | Q42: FALSE | R42: =IF(January!R42="","",January!R42)
A43: FALSE | B43: =IF(January!B43="","",January!B43) | F43: FALSE | G43: =IF(January!G43="","",January!G43) | L43: =IF(January!L43="","",January!L43) | O43: =M43-N43 -> 0 | Q43: FALSE | R43: =IF(January!R43="","",January!R43)
A44: FALSE | B44: =IF(January!B44="","",January!B44) | F44: FALSE | G44: =IF(January!G44="","",January!G44) | L44: =IF(January!L44="","",January!L44) | O44: =M44-N44 -> 0 | Q44: FALSE | R44: =IF(January!R44="","",January!R44)
A45: FALSE | B45: =IF(January!B45="","",January!B45) | F45: FALSE | G45: =IF(January!G45="","",January!G45) | L45: =IF(January!L45="","",January!L45) | O45: =M45-N45 -> 0 | Q45: FALSE | R45: =IF(January!R45="","",January!R45)
A46: FALSE | B46: =IF(January!B46="","",January!B46) | F46: FALSE | G46: =IF(January!G46="","",January!G46) | L46: =IF(January!L46="","",January!L46) | O46: =M46-N46 -> 0 | Q46: FALSE | R46: =IF(January!R46="","",January!R46)
A47: FALSE | B47: =IF(January!B47="","",January!B47) | F47: FALSE | G47: =IF(January!G47="","",January!G47) | L47: =IF(January!L47="","",January!L47) | O47: =M47-N47 -> 0 | Q47: FALSE | R47: =IF(January!R47="","",January!R47)
A48: TOTAL | C48: =SUM(C36:C47) -> 0 | D48: =SUM(IF(A36=TRUE,D36,0)+IF(A37=TRUE,D37,0)+IF(A38=TRUE,D38,0)+IF(A39=TRUE,D39,0)+IF(A40=TRUE,D40,0)+IF(A41=TRUE,D41,0)+IF(A42=TRUE,D42,0)+IF(A43=TRUE,D43,0)+IF(A44=TRUE,D44,0)+IF(A45=TRUE,D45,0)+IF(A46=TRUE,D46,0)+IF(A47=TRUE,D47,0)) -> 0 | F48: TOTAL | I48: =SUM(I20:I47) -> 0 | J48: =SUM(IF(F20=TRUE,J20,0)+IF(F21=TRUE,J21,0)+IF(F22=TRUE,J22,0)+IF(F23=TRUE,J23,0)+IF(F24=TRUE,J24,0)+IF(F25=TRUE,J25,0)+IF(F26=TRUE,J26,0)+IF(F27=TRUE,J27,0)+IF(F28=TRUE,J28,0)+IF(F29=TRUE,J29,0)+IF(F30=TRUE,J30,0)+IF(F31=TRUE,J31,0)+IF(F32=TRUE,J32,0)+IF(F33=TRUE,J33,0)+IF(F34=TRUE,J34,0)+IF(F35=TRUE,J35,0)+IF(F36=TRUE,J36,0)+IF(F37=TRUE,J37,0)+IF(F38=TRUE,J38,0)+IF(F39=TRUE,J39,0)+IF(F40=TRUE,J40,0)+IF(F41=TRUE,J41,0)+IF(F42=TRUE,J42,0)+IF(F43=TRUE,J43,0)+IF(F44=TRUE,J44,0)+IF(F45=TRUE,J45,0)+IF(F46=TRUE,J46,0)+IF(F47=TRUE,J47,0)) -> 0 | L48: TOTAL | M48: =SUM(M20:M47) -> 0 | N48: =SUM(N20:N47) -> 0 | O48: =SUM(O20:O47) -> 0 | Q48: TOTAL | T48: =SUM(T20:T47) -> 0 | U48: =SUM(IF(Q20=TRUE,U20,0)+IF(Q21=TRUE,U21,0)+IF(Q22=TRUE,U22,0)+IF(Q23=TRUE,U23,0)+IF(Q24=TRUE,U24,0)+IF(Q25=TRUE,U25,0)+IF(Q26=TRUE,U26,0)+IF(Q27=TRUE,U27,0)+IF(Q28=TRUE,U28,0)+IF(Q29=TRUE,U29,0)+IF(Q30=TRUE,U30,0)+IF(Q31=TRUE,U31,0)+IF(Q32=TRUE,U32,0)+IF(Q33=TRUE,U33,0)+IF(Q34=TRUE,U34,0)+IF(Q35=TRUE,U35,0)+IF(Q36=TRUE,U36,0)+IF(Q37=TRUE,U37,0)+IF(Q38=TRUE,U38,0)+IF(Q39=TRUE,U39,0)+IF(Q40=TRUE,U40,0)+IF(Q41=TRUE,U41,0)+IF(Q42=TRUE,U42,0)+IF(Q43=TRUE,U43,0)+IF(Q44=TRUE,U44,0)+IF(Q45=TRUE,U45,0)+IF(Q46=TRUE,U46,0)+IF(Q47=TRUE,U47,0)) -> 0
A50: EXPENSE TRACKER
A51: DATE | C51: AMOUNT | E51: CATEGORY | H51: NOTES
Q60: EXPENSE BREAKDOWN
Q61: CATEGORY | T61: TOTAL | U61: %
Q62: Transport | T62: {=SUM(IF($E$52:$G$86=$Q62,$C$52:$D$86,0))} -> 0 | U62: =IF($T$69=0,"",$T62/$T$69)
Q63: Groceries | T63: {=SUM(IF($E$52:$G$86=$Q63,$C$52:$D$86,0))} -> 0 | U63: =IF($T$69=0,"",$T63/$T$69)
Q64: Self Investment | T64: {=SUM(IF($E$52:$G$86=$Q64,$C$52:$D$86,0))} -> 0 | U64: =IF($T$69=0,"",$T64/$T$69)
Q65: Quality Time & Free Time | T65: {=SUM(IF($E$52:$G$86=$Q65,$C$52:$D$86,0))} -> 0 | U65: =IF($T$69=0,"",$T65/$T$69)
Q66: Household | T66: {=SUM(IF($E$52:$G$86=$Q66,$C$52:$D$86,0))} -> 0 | U66: =IF($T$69=0,"",$T66/$T$69)
Q67: Gifts | T67: {=SUM(IF($E$52:$G$86=$Q67,$C$52:$D$86,0))} -> 0 | U67: =IF($T$69=0,"",$T67/$T$69)
Q68: Others | T68: {=SUM(IF($E$52:$G$86=$Q68,$C$52:$D$86,0))} -> 0 | U68: =IF($T$69=0,"",$T68/$T$69)
Q69: TOTAL | T69: =SUM(T62:T69) -> 0 | U69: =SUM(U62:U68) -> 0
A87: TOTAL | C87: =SUM(C52:D86) -> 0

Sheet June
A1: June | F1: OVERVIEW | L1: LEFT TO SPEND | Q1: DAYS LEFT
F2: Start of Month | I2: 45809 | L2: =D16 -> 0 | Q2: =IF(TODAY()>DATE(YEAR(I2),MONTH(I2)+1,0),0,DATE(YEAR(I2),MONTH(I2)+1,0)-TODAY()+1) -> 0
F3: End of Month | I3: 45838
F4: Change Currency | I4: €
F5: Your Name
F6: Start Balance | I6: =May!D16 -> 0
A8: CASHFLOW
C9: BUDGET | D9: ACTUAL
A10: + Balance | C10: 0 | D10: 0
A11: + Income | C11: =C32 -> 0 | D11: =D32 -> 0
A12: - Bills | C12: =I48 -> 0 | D12: =J48 -> 0
A13: - Expenses | C13: =M48 -> 0 | D13: =N48 -> 0
A14: - Debt | C14: =T48 -> 0 | D14: =U48 -> 0
A15: - Savings | C15: =C48 -> 0 | D15: =D48 -> 0
A16: LEFT | C16: =C10+C11-C12-C13-C14-C15 -> 0 | D16: =D10+D11-D12-D13-D14-D15 -> 0
A18: INCOME | F18: BILLS | L18: EXPENSES | Q18: DEBT
A19: CATEGORY | C19: BUDGET | D19: ACTUAL | F19: CATEGORY | H19: DUE | I19: BUDGET | J19: ACTUAL | L19: CATEGORY | M19: BUDGET | N19: ACTUAL | O19: LEFT | Q19: CATEGORY | S19: DUE | T19: BUDGET | U19: ACTUAL
A20: =IF(January!A20="","",January!A20) -> Paycheck | F20: FALSE | G20: =IF(January!G20="","",January!G20) -> Internet | L20: =IF(January!L20="","",January!L20) -> Groceries | O20: =M20-N20 -> 0 | Q20: FALSE | R20: =IF(January!R20="","",January!R20)
A21: =IF(January!A21="","",January!A21) -> Business | F21: FALSE | G21: =IF(January!G21="","",January!G21) -> Water | L21: =IF(January!L21="","",January!L21) -> Dining out | O21: =M21-N21 -> 0 | Q21: FALSE | R21: =IF(January!R21="","",January!R21)
A22: =IF(January!A22="","",January!A22) -> Bonus | F22: FALSE | G22: =IF(January!G22="","",January!G22) -> Electricity | L22: =IF(January!L22="","",January!L22) -> Transport | O22: =M22-N22 -> 0 | Q22: FALSE | R22: =IF(January!R22="","",January!R22)
A23: =IF(January!A23="","",January!A23) -> Gifts | F23: FALSE | G23: =IF(January!G23="","",January!G23) -> Rent | L23: =IF(January!L23="","",January!L23) -> Household | O23: =M23-N23 -> 0 | Q23: FALSE | R23: =IF(January!R23="","",January!R23)
A24: =IF(January!A24="","",January!A24) | F24: FALSE | G24: =IF(January!G24="","",January!G24) -> Mobile | L24: =IF(January!L24="","",January!L24) -> Education | O24: =M24-N24 -> 0 | Q24: FALSE | R24: =IF(January!R24="","",January!R24)
A25: =IF(January!A25="","",January!A25) | F25: FALSE | G25: =IF(January!G25="","",January!G25) -> Health Insurance | L25: =IF(January!L25="","",January!L25) -> Health | O25: =M25-N25 -> 0 | Q25: FALSE | R25: =IF(January!R25="","",January!R25)
A26: =IF(January!A26="","",January!A26) | F26: FALSE | G26: =IF(January!G26="","",January!G26) -> Gas | L26: =IF(January!L26="","",January!L26) -> Beauty | O26: =M26-N26 -> 0 | Q26: FALSE | R26: =IF(January!R26="","",January!R26)
A27: =IF(January!A27="","",January!A27) | F27: FALSE | G27: =IF(January!G27="","",January!G27) -> Spotify | L27: =IF(January!L27="","",January!L27) -> Gifts | O27: =M27-N27 -> 0 | Q27: FALSE | R27: =IF(January!R27="","",January!R27)
A28: =IF(January!A28="","",January!A28) | F28: FALSE | G28: =IF(January!G28="","",January!G28) -> Netflix | L28: =IF(January!L28="","",January!L28) -> Clothes | O28: =M28-N28 -> 0 | Q28: FALSE | R28: =IF(January!R28="","",January!R28)
A29: =IF(January!A29="","",January!A29) | F29: FALSE | G29: =IF(January!G29="","",January!G29) -> Disney Plus | L29: =IF(January!L29="","",January!L29) -> Entertainment | O29: =M29-N29 -> 0 | Q29: FALSE | R29: =IF(January!R29="","",January!R29)
A30: =IF(January!A30="","",January!A30) | F30: FALSE | G30: =IF(January!G30="","",January!G30) -> Maintenance | L30: =IF(January!L30="","",January!L30) -> Miscellaneous | O30: =M30-N30 -> 0 | Q30: FALSE | R30: =IF(January!R30="","",January!R30)
A31: =IF(January!A31="","",January!A31) | F31: FALSE | G31: =IF(January!G31="","",January!G31) -> Car | L31: =IF(January!L31="","",January!L31) | O31: =M31-N31 -> 0 | Q31: FALSE | R31: =IF(January!R31="","",January!R31)
A32: TOTAL | C32: =SUM(C20:C31) -> 0 | D32: =SUM(D20:D31) -> 0 | F32: FALSE | G32: =IF(January!G32="","",January!G32) | L32: =IF(January!L32="","",January!L32) | O32: =M32-N32 -> 0 | Q32: FALSE | R32: =IF(January!R32="","",January!R32)
F33: FALSE | G33: =IF(January!G33="","",January!G33) | L33: =IF(January!L33="","",January!L33) | O33: =M33-N33 -> 0 | Q33: FALSE | R33: =IF(January!R33="","",January!R33)
A34: SAVINGS | F34: FALSE | G34: =IF(January!G34="","",January!G34) | L34: =IF(January!L34="","",January!L34) | O34: =M34-N34 -> 0 | Q34: FALSE | R34: =IF(January!R34="","",January!R34)
A35: CATEGORIE | C35: BUDGET | D35: ACTUAL | F35: FALSE | G35: =IF(January!G35="","",January!G35) | L35: =IF(January!L35="","",January!L35) | O35: =M35-N35 -> 0 | Q35: FALSE | R35: =IF(January!R35="","",January!R35)
A36: FALSE | B36: =IF(January!B36="","",January!B36) -> Car | F36: FALSE | G36: =IF(January!G36="","",January!G36) | L36: =IF(January!L36="","",January!L36) | O36: =M36-N36 -> 0 | Q36: FALSE | R36: =IF(January!R36="","",January!R36)
A37: FALSE | B37: =IF(January!B37="","",January!B37) -> House | F37: FALSE | G37: =IF(January!G37="","",January!G37) | L37: =IF(January!L37="","",January!L37) | O37: =M37-N37 -> 0 | Q37: FALSE | R37: =IF(January!R37="","",January!R37)
A38: FALSE | B38: =IF(January!B38="","",January!B38) | F38: FALSE | G38: =IF(January!G38="","",January!G38) | L38: =IF(January!L38="","",January!L38) | O38: =M38-N38 -> 0 | Q38: FALSE | R38: =IF(January!R38="","",January!R38)
A39: FALSE | B39: =IF(January!B39="","",January!B39) | F39: FALSE | G39: =IF(January!G39="","",January!G39) | L39: =IF(January!L39="","",January!L39) | O39: =M39-N39 -> 0 | Q39: FALSE | R39: =IF(January!R39="","",January!R39)
A40: FALSE | B40: =IF(January!B40="","",January!B40) | F40: FALSE | G40: =IF(January!G40="","",January!G40) | L40: =IF(January!L40="","",January!L40) | O40: =M40-N40 -> 0 | Q40: FALSE | R40: =IF(January!R40="","",January!R40)
A41: FALSE | B41: =IF(January!B41="","",January!B41) | F41: FALSE | G41: =IF(January!G41="","",January!G41) | L41: =IF(January!L41="","",January!L41) | O41: =M41-N41 -> 0 | Q41: FALSE | R41: =IF(January!R41="","",January!R41)
A42: FALSE | B42: =IF(January!B42="","",January!B42) | F42: FALSE | G42: =IF(January!G42="","",January!G42) | L42: =IF(January!L42="","",January!L42) | O42: =M42-N42 -> 0 | Q42: FALSE | R42: =IF(January!R42="","",January!R42)
A43: FALSE | B43: =IF(January!B43="","",January!B43) | F43: FALSE | G43: =IF(January!G43="","",January!G43) | L43: =IF(January!L43="","",January!L43) | O43: =M43-N43 -> 0 | Q43: FALSE | R43: =IF(January!R43="","",January!R43)
A44: FALSE | B44: =IF(January!B44="","",January!B44) | F44: FALSE | G44: =IF(January!G44="","",January!G44) | L44: =IF(January!L44="","",January!L44) | O44: =M44-N44 -> 0 | Q44: FALSE | R44: =IF(January!R44="","",January!R44)
A45: FALSE | B45: =IF(January!B45="","",January!B45) | F45: FALSE | G45: =IF(January!G45="","",January!G45) | L45: =IF(January!L45="","",January!L45) | O45: =M45-N45 -> 0 | Q45: FALSE | R45: =IF(January!R45="","",January!R45)
A46: FALSE | B46: =IF(January!B46="","",January!B46) | F46: FALSE | G46: =IF(January!G46="","",January!G46) | L46: =IF(January!L46="","",January!L46) | O46: =M46-N46 -> 0 | Q46: FALSE | R46: =IF(January!R46="","",January!R46)
A47: FALSE | B47: =IF(January!B47="","",January!B47) | F47: FALSE | G47: =IF(January!G47="","",January!G47) | L47: =IF(January!L47="","",January!L47) | O47: =M47-N47 -> 0 | Q47: FALSE | R47: =IF(January!R47="","",January!R47)
A48: TOTAL | C48: =SUM(C36:C47) -> 0 | D48: =SUM(IF(A36=TRUE,D36,0)+IF(A37=TRUE,D37,0)+IF(A38=TRUE,D38,0)+IF(A39=TRUE,D39,0)+IF(A40=TRUE,D40,0)+IF(A41=TRUE,D41,0)+IF(A42=TRUE,D42,0)+IF(A43=TRUE,D43,0)+IF(A44=TRUE,D44,0)+IF(A45=TRUE,D45,0)+IF(A46=TRUE,D46,0)+IF(A47=TRUE,D47,0)) -> 0 | F48: TOTAL | I48: =SUM(I20:I47) -> 0 | J48: =SUM(IF(F20=TRUE,J20,0)+IF(F21=TRUE,J21,0)+IF(F22=TRUE,J22,0)+IF(F23=TRUE,J23,0)+IF(F24=TRUE,J24,0)+IF(F25=TRUE,J25,0)+IF(F26=TRUE,J26,0)+IF(F27=TRUE,J27,0)+IF(F28=TRUE,J28,0)+IF(F29=TRUE,J29,0)+IF(F30=TRUE,J30,0)+IF(F31=TRUE,J31,0)+IF(F32=TRUE,J32,0)+IF(F33=TRUE,J33,0)+IF(F34=TRUE,J34,0)+IF(F35=TRUE,J35,0)+IF(F36=TRUE,J36,0)+IF(F37=TRUE,J37,0)+IF(F38=TRUE,J38,0)+IF(F39=TRUE,J39,0)+IF(F40=TRUE,J40,0)+IF(F41=TRUE,J41,0)+IF(F42=TRUE,J42,0)+IF(F43=TRUE,J43,0)+IF(F44=TRUE,J44,0)+IF(F45=TRUE,J45,0)+IF(F46=TRUE,J46,0)+IF(F47=TRUE,J47,0)) -> 0 | L48: TOTAL | M48: =SUM(M20:M47) -> 0 | N48: =SUM(N20:N47) -> 0 | O48: =SUM(O20:O47) -> 0 | Q48: TOTAL | T48: =SUM(T20:T47) -> 0 | U48: =SUM(IF(Q20=TRUE,U20,0)+IF(Q21=TRUE,U21,0)+IF(Q22=TRUE,U22,0)+IF(Q23=TRUE,U23,0)+IF(Q24=TRUE,U24,0)+IF(Q25=TRUE,U25,0)+IF(Q26=TRUE,U26,0)+IF(Q27=TRUE,U27,0)+IF(Q28=TRUE,U28,0)+IF(Q29=TRUE,U29,0)+IF(Q30=TRUE,U30,0)+IF(Q31=TRUE,U31,0)+IF(Q32=TRUE,U32,0)+IF(Q33=TRUE,U33,0)+IF(Q34=TRUE,U34,0)+IF(Q35=TRUE,U35,0)+IF(Q36=TRUE,U36,0)+IF(Q37=TRUE,U37,0)+IF(Q38=TRUE,U38,0)+IF(Q39=TRUE,U39,0)+IF(Q40=TRUE,U40,0)+IF(Q41=TRUE,U41,0)+IF(Q42=TRUE,U42,0)+IF(Q43=TRUE,U43,0)+IF(Q44=TRUE,U44,0)+IF(Q45=TRUE,U45,0)+IF(Q46=TRUE,U46,0)+IF(Q47=TRUE,U47,0)) -> 0
A50: EXPENSE TRACKER
A51: DATE | C51: AMOUNT | E51: CATEGORY | H51: NOTES
Q60: EXPENSE BREAKDOWN
Q61: CATEGORY | T61: TOTAL | U61: %
Q62: Transport | T62: {=SUM(IF($E$52:$G$86=$Q62,$C$52:$D$86,0))} -> 0 | U62: =IF($T$69=0,"",$T62/$T$69)
Q63: Groceries | T63: {=SUM(IF($E$52:$G$86=$Q63,$C$52:$D$86,0))} -> 0 | U63: =IF($T$69=0,"",$T63/$T$69)
Q64: Self Investment | T64: {=SUM(IF($E$52:$G$86=$Q64,$C$52:$D$86,0))} -> 0 | U64: =IF($T$69=0,"",$T64/$T$69)
Q65: Quality Time & Free Time | T65: {=SUM(IF($E$52:$G$86=$Q65,$C$52:$D$86,0))} -> 0 | U65: =IF($T$69=0,"",$T65/$T$69)
Q66: Household | T66: {=SUM(IF($E$52:$G$86=$Q66,$C$52:$D$86,0))} -> 0 | U66: =IF($T$69=0,"",$T66/$T$69)
Q67: Gifts | T67: {=SUM(IF($E$52:$G$86=$Q67,$C$52:$D$86,0))} -> 0 | U67: =IF($T$69=0,"",$T67/$T$69)
Q68: Others | T68: {=SUM(IF($E$52:$G$86=$Q68,$C$52:$D$86,0))} -> 0 | U68: =IF($T$69=0,"",$T68/$T$69)
Q69: TOTAL | T69: =SUM(T62:T69) -> 0 | U69: =SUM(U62:U68) -> 0
A87: TOTAL | C87: =SUM(C52:D86) -> 0

Sheet July
A1: July | F1: OVERVIEW | L1: LEFT TO SPEND | Q1: DAYS LEFT
F2: Start of Month | I2: 45839 | L2: =D16 -> 0 | Q2: =IF(TODAY()>DATE(YEAR(I2),MONTH(I2)+1,0),0,DATE(YEAR(I2),MONTH(I2)+1,0)-TODAY()+1) -> 0
F3: End of Month | I3: 45869
F4: Change Currency | I4: €
F5: Your Name
F6: Start Balance | I6: =June!D16 -> 0
A8: CASHFLOW
C9: BUDGET | D9: ACTUAL
A10: + Balance | C10: 0 | D10: 0
A11: + Income | C11: =C32 -> 0 | D11: =D32 -> 0
A12: - Bills | C12: =I48 -> 0 | D12: =J48 -> 0
A13: - Expenses | C13: =M48 -> 0 | D13: =N48 -> 0
A14: - Debt | C14: =T48 -> 0 | D14: =U48 -> 0
A15: - Savings | C15: =C48 -> 0 | D15: =D48 -> 0
A16: LEFT | C16: =C10+C11-C12-C13-C14-C15 -> 0 | D16: =D10+D11-D12-D13-D14-D15 -> 0
A18: INCOME | F18: BILLS | L18: EXPENSES | Q18: DEBT
A19: CATEGORY | C19: BUDGET | D19: ACTUAL | F19: CATEGORY | H19: DUE | I19: BUDGET | J19: ACTUAL | L19: CATEGORY | M19: BUDGET | N19: ACTUAL | O19: LEFT | Q19: CATEGORY | S19: DUE | T19: BUDGET | U19: ACTUAL
A20: =IF(January!A20="","",January!A20) -> Paycheck | F20: FALSE | G20: =IF(January!G20="","",January!G20) -> Internet | L20: =IF(January!L20="","",January!L20) -> Groceries | O20: =M20-N20 -> 0 | Q20: FALSE | R20: =IF(January!R20="","",January!R20)
A21: =IF(January!A21="","",January!A21) -> Business | F21: FALSE | G21: =IF(January!G21="","",January!G21) -> Water | L21: =IF(January!L21="","",January!L21) -> Dining out | O21: =M21-N21 -> 0 | Q21: FALSE | R21: =IF(January!R21="","",January!R21)
A22: =IF(January!A22="","",January!A22) -> Bonus | F22: FALSE | G22: =IF(January!G22="","",January!G22) -> Electricity | L22: =IF(January!L22="","",January!L22) -> Transport | O22: =M22-N22 -> 0 | Q22: FALSE | R22: =IF(January!R22="","",January!R22)
A23: =IF(January!A23="","",January!A23) -> Gifts | F23: FALSE | G23: =IF(January!G23="","",January!G23) -> Rent | L23: =IF(January!L23="","",January!L23) -> Household | O23: =M23-N23 -> 0 | Q23: FALSE | R23: =IF(January!R23="","",January!R23)
A24: =IF(January!A24="","",January!A24) | F24: FALSE | G24: =IF(January!G24="","",January!G24) -> Mobile | L24: =IF(January!L24="","",January!L24) -> Education | O24: =M24-N24 -> 0 | Q24: FALSE | R24: =IF(January!R24="","",January!R24)
A25: =IF(January!A25="","",January!A25) | F25: FALSE | G25: =IF(January!G25="","",January!G25) -> Health Insurance | L25: =IF(January!L25="","",January!L25) -> Health | O25: =M25-N25 -> 0 | Q25: FALSE | R25: =IF(January!R25="","",January!R25)
A26: =IF(January!A26="","",January!A26) | F26: FALSE | G26: =IF(January!G26="","",January!G26) -> Gas | L26: =IF(January!L26="","",January!L26) -> Beauty | O26: =M26-N26 -> 0 | Q26: FALSE | R26: =IF(January!R26="","",January!R26)
A27: =IF(January!A27="","",January!A27) | F27: FALSE | G27: =IF(January!G27="","",January!G27) -> Spotify | L27: =IF(January!L27="","",January!L27) -> Gifts | O27: =M27-N27 -> 0 | Q27: FALSE | R27: =IF(January!R27="","",January!R27)
A28: =IF(January!A28="","",January!A28) | F28: FALSE | G28: =IF(January!G28="","",January!G28) -> Netflix | L28: =IF(January!L28="","",January!L28) -> Clothes | O28: =M28-N28 -> 0 | Q28: FALSE | R28: =IF(January!R28="","",January!R28)
A29: =IF(January!A29="","",January!A29) | F29: FALSE | G29: =IF(January!G29="","",January!G29) -> Disney Plus | L29: =IF(January!L29="","",January!L29) -> Entertainment | O29: =M29-N29 -> 0 | Q29: FALSE | R29: =IF(January!R29="","",January!R29)
A30: =IF(January!A30="","",January!A30) | F30: FALSE | G30: =IF(January!G30="","",January!G30) -> Maintenance | L30: =IF(January!L30="","",January!L30) -> Miscellaneous | O30: =M30-N30 -> 0 | Q30: FALSE | R30: =IF(January!R30="","",January!R30)
A31: =IF(January!A31="","",January!A31) | F31: FALSE | G31: =IF(January!G31="","",January!G31) -> Car | L31: =IF(January!L31="","",January!L31) | O31: =M31-N31 -> 0 | Q31: FALSE | R31: =IF(January!R31="","",January!R31)
A32: TOTAL | C32: =SUM(C20:C31) -> 0 | D32: =SUM(D20:D31) -> 0 | F32: FALSE | G32: =IF(January!G32="","",January!G32) | L32: =IF(January!L32="","",January!L32) | O32: =M32-N32 -> 0 | Q32: FALSE | R32: =IF(January!R32="","",January!R32)
F33: FALSE | G33: =IF(January!G33="","",January!G33) | L33: =IF(January!L33="","",January!L33) | O33: =M33-N33 -> 0 | Q33: FALSE | R33: =IF(January!R33="","",January!R33)
A34: SAVINGS | F34: FALSE | G34: =IF(January!G34="","",January!G34) | L34: =IF(January!L34="","",January!L34) | O34: =M34-N34 -> 0 | Q34: FALSE | R34: =IF(January!R34="","",January!R34)
A35: CATEGORIE | C35: BUDGET | D35: ACTUAL | F35: FALSE | G35: =IF(January!G35="","",January!G35) | L35: =IF(January!L35="","",January!L35) | O35: =M35-N35 -> 0 | Q35: FALSE | R35: =IF(January!R35="","",January!R35)
A36: FALSE | B36: =IF(January!B36="","",January!B36) -> Car | F36: FALSE | G36: =IF(January!G36="","",January!G36) | L36: =IF(January!L36="","",January!L36) | O36: =M36-N36 -> 0 | Q36: FALSE | R36: =IF(January!R36="","",January!R36)
A37: FALSE | B37: =IF(January!B37="","",January!B37) -> House | F37: FALSE | G37: =IF(January!G37="","",January!G37) | L37: =IF(January!L37="","",January!L37) | O37: =M37-N37 -> 0 | Q37: FALSE | R37: =IF(January!R37="","",January!R37)
A38: FALSE | B38: =IF(January!B38="","",January!B38) | F38: FALSE | G38: =IF(January!G38="","",January!G38) | L38: =IF(January!L38="","",January!L38) | O38: =M38-N38 -> 0 | Q38: FALSE | R38: =IF(January!R38="","",January!R38)
A39: FALSE | B39: =IF(January!B39="","",January!B39) | F39: FALSE | G39: =IF(January!G39="","",January!G39) | L39: =IF(January!L39="","",January!L39) | O39: =M39-N39 -> 0 | Q39: FALSE | R39: =IF(January!R39="","",January!R39)
A40: FALSE | B40: =IF(January!B40="","",January!B40) | F40: FALSE | G40: =IF(January!G40="","",January!G40) | L40: =IF(January!L40="","",January!L40) | O40: =M40-N40 -> 0 | Q40: FALSE | R40: =IF(January!R40="","",January!R40)
A41: FALSE | B41: =IF(January!B41="","",January!B41) | F41: FALSE | G41: =IF(January!G41="","",January!G41) | L41: =IF(January!L41="","",January!L41) | O41: =M41-N41 -> 0 | Q41: FALSE | R41: =IF(January!R41="","",January!R41)
A42: FALSE | B42: =IF(January!B42="","",January!B42) | F42: FALSE | G42: =IF(January!G42="","",January!G42) | L42: =IF(January!L42="","",January!L42) | O42: =M42-N42 -> 0 | Q42: FALSE | R42: =IF(January!R42="","",January!R42)
A43: FALSE | B43: =IF(January!B43="","",January!B43) | F43: FALSE | G43: =IF(January!G43="","",January!G43) | L43: =IF(January!L43="","",January!L43) | O43: =M43-N43 -> 0 | Q43: FALSE | R43: =IF(January!R43="","",January!R43)
A44: FALSE | B44: =IF(January!B44="","",January!B44) | F44: FALSE | G44: =IF(January!G44="","",January!G44) | L44: =IF(January!L44="","",January!L44) | O44: =M44-N44 -> 0 | Q44: FALSE | R44: =IF(January!R44="","",January!R44)
A45: FALSE | B45: =IF(January!B45="","",January!B45) | F45: FALSE | G45: =IF(January!G45="","",January!G45) | L45: =IF(January!L45="","",January!L45) | O45: =M45-N45 -> 0 | Q45: FALSE | R45: =IF(January!R45="","",January!R45)
A46: FALSE | B46: =IF(January!B46="","",January!B46) | F46: FALSE | G46: =IF(January!G46="","",January!G46) | L46: =IF(January!L46="","",January!L46) | O46: =M46-N46 -> 0 | Q46: FALSE | R46: =IF(January!R46="","",January!R46)
A47: FALSE | B47: =IF(January!B47="","",January!B47) | F47: FALSE | G47: =IF(January!G47="","",January!G47) | L47: =IF(January!L47="","",January!L47) | O47: =M47-N47 -> 0 | Q47: FALSE | R47: =IF(January!R47="","",January!R47)
A48: TOTAL | C48: =SUM(C36:C47) -> 0 | D48: =SUM(IF(A36=TRUE,D36,0)+IF(A37=TRUE,D37,0)+IF(A38=TRUE,D38,0)+IF(A39=TRUE,D39,0)+IF(A40=TRUE,D40,0)+IF(A41=TRUE,D41,0)+IF(A42=TRUE,D42,0)+IF(A43=TRUE,D43,0)+IF(A44=TRUE,D44,0)+IF(A45=TRUE,D45,0)+IF(A46=TRUE,D46,0)+IF(A47=TRUE,D47,0)) -> 0 | F48: TOTAL | I48: =SUM(I20:I47) -> 0 | J48: =SUM(IF(F20=TRUE,J20,0)+IF(F21=TRUE,J21,0)+IF(F22=TRUE,J22,0)+IF(F23=TRUE,J23,0)+IF(F24=TRUE,J24,0)+IF(F25=TRUE,J25,0)+IF(F26=TRUE,J26,0)+IF(F27=TRUE,J27,0)+IF(F28=TRUE,J28,0)+IF(F29=TRUE,J29,0)+IF(F30=TRUE,J30,0)+IF(F31=TRUE,J31,0)+IF(F32=TRUE,J32,0)+IF(F33=TRUE,J33,0)+IF(F34=TRUE,J34,0)+IF(F35=TRUE,J35,0)+IF(F36=TRUE,J36,0)+IF(F37=TRUE,J37,0)+IF(F38=TRUE,J38,0)+IF(F39=TRUE,J39,0)+IF(F40=TRUE,J40,0)+IF(F41=TRUE,J41,0)+IF(F42=TRUE,J42,0)+IF(F43=TRUE,J43,0)+IF(F44=TRUE,J44,0)+IF(F45=TRUE,J45,0)+IF(F46=TRUE,J46,0)+IF(F47=TRUE,J47,0)) -> 0 | L48: TOTAL | M48: =SUM(M20:M47) -> 0 | N48: =SUM(N20:N47) -> 0 | O48: =SUM(O20:O47) -> 0 | Q48: TOTAL | T48: =SUM(T20:T47) -> 0 | U48: =SUM(IF(Q20=TRUE,U20,0)+IF(Q21=TRUE,U21,0)+IF(Q22=TRUE,U22,0)+IF(Q23=TRUE,U23,0)+IF(Q24=TRUE,U24,0)+IF(Q25=TRUE,U25,0)+IF(Q26=TRUE,U26,0)+IF(Q27=TRUE,U27,0)+IF(Q28=TRUE,U28,0)+IF(Q29=TRUE,U29,0)+IF(Q30=TRUE,U30,0)+IF(Q31=TRUE,U31,0)+IF(Q32=TRUE,U32,0)+IF(Q33=TRUE,U33,0)+IF(Q34=TRUE,U34,0)+IF(Q35=TRUE,U35,0)+IF(Q36=TRUE,U36,0)+IF(Q37=TRUE,U37,0)+IF(Q38=TRUE,U38,0)+IF(Q39=TRUE,U39,0)+IF(Q40=TRUE,U40,0)+IF(Q41=TRUE,U41,0)+IF(Q42=TRUE,U42,0)+IF(Q43=TRUE,U43,0)+IF(Q44=TRUE,U44,0)+IF(Q45=TRUE,U45,0)+IF(Q46=TRUE,U46,0)+IF(Q47=TRUE,U47,0)) -> 0
A50: EXPENSE TRACKER
A51: DATE | C51: AMOUNT | E51: CATEGORY | H51: NOTES
Q60: EXPENSE BREAKDOWN
Q61: CATEGORY | T61: TOTAL | U61: %
Q62: Transport | T62: {=SUM(IF($E$52:$G$86=$Q62,$C$52:$D$86,0))} -> 0 | U62: =IF($T$69=0,"",$T62/$T$69)
Q63: Groceries | T63: {=SUM(IF($E$52:$G$86=$Q63,$C$52:$D$86,0))} -> 0 | U63: =IF($T$69=0,"",$T63/$T$69)
Q64: Self Investment | T64: {=SUM(IF($E$52:$G$86=$Q64,$C$52:$D$86,0))} -> 0 | U64: =IF($T$69=0,"",$T64/$T$69)
Q65: Quality Time & Free Time | T65: {=SUM(IF($E$52:$G$86=$Q65,$C$52:$D$86,0))} -> 0 | U65: =IF($T$69=0,"",$T65/$T$69)
Q66: Household | T66: {=SUM(IF($E$52:$G$86=$Q66,$C$52:$D$86,0))} -> 0 | U66: =IF($T$69=0,"",$T66/$T$69)
Q67: Gifts | T67: {=SUM(IF($E$52:$G$86=$Q67,$C$52:$D$86,0))} -> 0 | U67: =IF($T$69=0,"",$T67/$T$69)
Q68: Others | T68: {=SUM(IF($E$52:$G$86=$Q68,$C$52:$D$86,0))} -> 0 | U68: =IF($T$69=0,"",$T68/$T$69)
Q69: TOTAL | T69: =SUM(T62:T69) -> 0 | U69: =SUM(U62:U68) -> 0
A87: TOTAL | C87: =SUM(C52:D86) -> 0

Sheet August
A1: August | F1: OVERVIEW | L1: LEFT TO SPEND | Q1: DAYS LEFT
F2: Start of Month | I2: 45870 | L2: =D16 -> 0 | Q2: =IF(TODAY()>DATE(YEAR(I2),MONTH(I2)+1,0),0,DATE(YEAR(I2),MONTH(I2)+1,0)-TODAY()+1) -> 29
F3: End of Month | I3: 45900
F4: Change Currency | I4: €
F5: Your Name
F6: Start Balance | I6: =July!D16 -> 0
A8: CASHFLOW
C9: BUDGET | D9: ACTUAL
A10: + Balance | C10: 0 | D10: 0
A11: + Income | C11: =C32 -> 0 | D11: =D32 -> 0
A12: - Bills | C12: =I48 -> 0 | D12: =J48 -> 0
A13: - Expenses | C13: =M48 -> 0 | D13: =N48 -> 0
A14: - Debt | C14: =T48 -> 0 | D14: =U48 -> 0
A15: - Savings | C15: =C48 -> 0 | D15: =D48 -> 0
A16: LEFT | C16: =C10+C11-C12-C13-C14-C15 -> 0 | D16: =D10+D11-D12-D13-D14-D15 -> 0
A18: INCOME | F18: BILLS | L18: EXPENSES | Q18: DEBT
A19: CATEGORY | C19: BUDGET | D19: ACTUAL | F19: CATEGORY | H19: DUE | I19: BUDGET | J19: ACTUAL | L19: CATEGORY | M19: BUDGET | N19: ACTUAL | O19: LEFT | Q19: CATEGORY | S19: DUE | T19: BUDGET | U19: ACTUAL
A20: =IF(January!A20="","",January!A20) -> Paycheck | F20: FALSE | G20: =IF(January!G20="","",January!G20) -> Internet | L20: =IF(January!L20="","",January!L20) -> Groceries | O20: =M20-N20 -> 0 | Q20: FALSE | R20: =IF(January!R20="","",January!R20)
A21: =IF(January!A21="","",January!A21) -> Business | F21: FALSE | G21: =IF(January!G21="","",January!G21) -> Water | L21: =IF(January!L21="","",January!L21) -> Dining out | O21: =M21-N21 -> 0 | Q21: FALSE | R21: =IF(January!R21="","",January!R21)
A22: =IF(January!A22="","",January!A22) -> Bonus | F22: FALSE | G22: =IF(January!G22="","",January!G22) -> Electricity | L22: =IF(January!L22="","",January!L22) -> Transport | O22: =M22-N22 -> 0 | Q22: FALSE | R22: =IF(January!R22="","",January!R22)
A23: =IF(January!A23="","",January!A23) -> Gifts | F23: FALSE | G23: =IF(January!G23="","",January!G23) -> Rent | L23: =IF(January!L23="","",January!L23) -> Household | O23: =M23-N23 -> 0 | Q23: FALSE | R23: =IF(January!R23="","",January!R23)
A24: =IF(January!A24="","",January!A24) | F24: FALSE | G24: =IF(January!G24="","",January!G24) -> Mobile | L24: =IF(January!L24="","",January!L24) -> Education | O24: =M24-N24 -> 0 | Q24: FALSE | R24: =IF(January!R24="","",January!R24)
A25: =IF(January!A25="","",January!A25) | F25: FALSE | G25: =IF(January!G25="","",January!G25) -> Health Insurance | L25: =IF(January!L25="","",January!L25) -> Health | O25: =M25-N25 -> 0 | Q25: FALSE | R25: =IF(January!R25="","",January!R25)
A26: =IF(January!A26="","",January!A26) | F26: FALSE | G26: =IF(January!G26="","",January!G26) -> Gas | L26: =IF(January!L26="","",January!L26) -> Beauty | O26: =M26-N26 -> 0 | Q26: FALSE | R26: =IF(January!R26="","",January!R26)
A27: =IF(January!A27="","",January!A27) | F27: FALSE | G27: =IF(January!G27="","",January!G27) -> Spotify | L27: =IF(January!L27="","",January!L27) -> Gifts | O27: =M27-N27 -> 0 | Q27: FALSE | R27: =IF(January!R27="","",January!R27)
A28: =IF(January!A28="","",January!A28) | F28: FALSE | G28: =IF(January!G28="","",January!G28) -> Netflix | L28: =IF(January!L28="","",January!L28) -> Clothes | O28: =M28-N28 -> 0 | Q28: FALSE | R28: =IF(January!R28="","",January!R28)
A29: =IF(January!A29="","",January!A29) | F29: FALSE | G29: =IF(January!G29="","",January!G29) -> Disney Plus | L29: =IF(January!L29="","",January!L29) -> Entertainment | O29: =M29-N29 -> 0 | Q29: FALSE | R29: =IF(January!R29="","",January!R29)
A30: =IF(January!A30="","",January!A30) | F30: FALSE | G30: =IF(January!G30="","",January!G30) -> Maintenance | L30: =IF(January!L30="","",January!L30) -> Miscellaneous | O30: =M30-N30 -> 0 | Q30: FALSE | R30: =IF(January!R30="","",January!R30)
A31: =IF(January!A31="","",January!A31) | F31: FALSE | G31: =IF(January!G31="","",January!G31) -> Car | L31: =IF(January!L31="","",January!L31) | O31: =M31-N31 -> 0 | Q31: FALSE | R31: =IF(January!R31="","",January!R31)
A32: TOTAL | C32: =SUM(C20:C31) -> 0 | D32: =SUM(D20:D31) -> 0 | F32: FALSE | G32: =IF(January!G32="","",January!G32) | L32: =IF(January!L32="","",January!L32) | O32: =M32-N32 -> 0 | Q32: FALSE | R32: =IF(January!R32="","",January!R32)
F33: FALSE | G33: =IF(January!G33="","",January!G33) | L33: =IF(January!L33="","",January!L33) | O33: =M33-N33 -> 0 | Q33: FALSE | R33: =IF(January!R33="","",January!R33)
A34: SAVINGS | F34: FALSE | G34: =IF(January!G34="","",January!G34) | L34: =IF(January!L34="","",January!L34) | O34: =M34-N34 -> 0 | Q34: FALSE | R34: =IF(January!R34="","",January!R34)
A35: CATEGORIE | C35: BUDGET | D35: ACTUAL | F35: FALSE | G35: =IF(January!G35="","",January!G35) | L35: =IF(January!L35="","",January!L35) | O35: =M35-N35 -> 0 | Q35: FALSE | R35: =IF(January!R35="","",January!R35)
A36: FALSE | B36: =IF(January!B36="","",January!B36) -> Car | F36: FALSE | G36: =IF(January!G36="","",January!G36) | L36: =IF(January!L36="","",January!L36) | O36: =M36-N36 -> 0 | Q36: FALSE | R36: =IF(January!R36="","",January!R36)
A37: FALSE | B37: =IF(January!B37="","",January!B37) -> House | F37: FALSE | G37: =IF(January!G37="","",January!G37) | L37: =IF(January!L37="","",January!L37) | O37: =M37-N37 -> 0 | Q37: FALSE | R37: =IF(January!R37="","",January!R37)
A38: FALSE | B38: =IF(January!B38="","",January!B38) | F38: FALSE | G38: =IF(January!G38="","",January!G38) | L38: =IF(January!L38="","",January!L38) | O38: =M38-N38 -> 0 | Q38: FALSE | R38: =IF(January!R38="","",January!R38)
A39: FALSE | B39: =IF(January!B39="","",January!B39) | F39: FALSE | G39: =IF(January!G39="","",January!G39) | L39: =IF(January!L39="","",January!L39) | O39: =M39-N39 -> 0 | Q39: FALSE | R39: =IF(January!R39="","",January!R39)
A40: FALSE | B40: =IF(January!B40="","",January!B40) | F40: FALSE | G40: =IF(January!G40="","",January!G40) | L40: =IF(January!L40="","",January!L40) | O40: =M40-N40 -> 0 | Q40: FALSE | R40: =IF(January!R40="","",January!R40)
A41: FALSE | B41: =IF(January!B41="","",January!B41) | F41: FALSE | G41: =IF(January!G41="","",January!G41) | L41: =IF(January!L41="","",January!L41) | O41: =M41-N41 -> 0 | Q41: FALSE | R41: =IF(January!R41="","",January!R41)
A42: FALSE | B42: =IF(January!B42="","",January!B42) | F42: FALSE | G42: =IF(January!G42="","",January!G42) | L42: =IF(January!L42="","",January!L42) | O42: =M42-N42 -> 0 | Q42: FALSE | R42: =IF(January!R42="","",January!R42)
A43: FALSE | B43: =IF(January!B43="","",January!B43) | F43: FALSE | G43: =IF(January!G43="","",January!G43) | L43: =IF(January!L43="","",January!L43) | O43: =M43-N43 -> 0 | Q43: FALSE | R43: =IF(January!R43="","",January!R43)
A44: FALSE | B44: =IF(January!B44="","",January!B44) | F44: FALSE | G44: =IF(January!G44="","",January!G44) | L44: =IF(January!L44="","",January!L44) | O44: =M44-N44 -> 0 | Q44: FALSE | R44: =IF(January!R44="","",January!R44)
A45: FALSE | B45: =IF(January!B45="","",January!B45) | F45: FALSE | G45: =IF(January!G45="","",January!G45) | L45: =IF(January!L45="","",January!L45) | O45: =M45-N45 -> 0 | Q45: FALSE | R45: =IF(January!R45="","",January!R45)
A46: FALSE | B46: =IF(January!B46="","",January!B46) | F46: FALSE | G46: =IF(January!G46="","",January!G46) | L46: =IF(January!L46="","",January!L46) | O46: =M46-N46 -> 0 | Q46: FALSE | R46: =IF(January!R46="","",January!R46)
A47: FALSE | B47: =IF(January!B47="","",January!B47) | F47: FALSE | G47: =IF(January!G47="","",January!G47) | L47: =IF(January!L47="","",January!L47) | O47: =M47-N47 -> 0 | Q47: FALSE | R47: =IF(January!R47="","",January!R47)
A48: TOTAL | C48: =SUM(C36:C47) -> 0 | D48: =SUM(IF(A36=TRUE,D36,0)+IF(A37=TRUE,D37,0)+IF(A38=TRUE,D38,0)+IF(A39=TRUE,D39,0)+IF(A40=TRUE,D40,0)+IF(A41=TRUE,D41,0)+IF(A42=TRUE,D42,0)+IF(A43=TRUE,D43,0)+IF(A44=TRUE,D44,0)+IF(A45=TRUE,D45,0)+IF(A46=TRUE,D46,0)+IF(A47=TRUE,D47,0)) -> 0 | F48: TOTAL | I48: =SUM(I20:I47) -> 0 | J48: =SUM(IF(F20=TRUE,J20,0)+IF(F21=TRUE,J21,0)+IF(F22=TRUE,J22,0)+IF(F23=TRUE,J23,0)+IF(F24=TRUE,J24,0)+IF(F25=TRUE,J25,0)+IF(F26=TRUE,J26,0)+IF(F27=TRUE,J27,0)+IF(F28=TRUE,J28,0)+IF(F29=TRUE,J29,0)+IF(F30=TRUE,J30,0)+IF(F31=TRUE,J31,0)+IF(F32=TRUE,J32,0)+IF(F33=TRUE,J33,0)+IF(F34=TRUE,J34,0)+IF(F35=TRUE,J35,0)+IF(F36=TRUE,J36,0)+IF(F37=TRUE,J37,0)+IF(F38=TRUE,J38,0)+IF(F39=TRUE,J39,0)+IF(F40=TRUE,J40,0)+IF(F41=TRUE,J41,0)+IF(F42=TRUE,J42,0)+IF(F43=TRUE,J43,0)+IF(F44=TRUE,J44,0)+IF(F45=TRUE,J45,0)+IF(F46=TRUE,J46,0)+IF(F47=TRUE,J47,0)) -> 0 | L48: TOTAL | M48: =SUM(M20:M47) -> 0 | N48: =SUM(N20:N47) -> 0 | O48: =SUM(O20:O47) -> 0 | Q48: TOTAL | T48: =SUM(T20:T47) -> 0 | U48: =SUM(IF(Q20=TRUE,U20,0)+IF(Q21=TRUE,U21,0)+IF(Q22=TRUE,U22,0)+IF(Q23=TRUE,U23,0)+IF(Q24=TRUE,U24,0)+IF(Q25=TRUE,U25,0)+IF(Q26=TRUE,U26,0)+IF(Q27=TRUE,U27,0)+IF(Q28=TRUE,U28,0)+IF(Q29=TRUE,U29,0)+IF(Q30=TRUE,U30,0)+IF(Q31=TRUE,U31,0)+IF(Q32=TRUE,U32,0)+IF(Q33=TRUE,U33,0)+IF(Q34=TRUE,U34,0)+IF(Q35=TRUE,U35,0)+IF(Q36=TRUE,U36,0)+IF(Q37=TRUE,U37,0)+IF(Q38=TRUE,U38,0)+IF(Q39=TRUE,U39,0)+IF(Q40=TRUE,U40,0)+IF(Q41=TRUE,U41,0)+IF(Q42=TRUE,U42,0)+IF(Q43=TRUE,U43,0)+IF(Q44=TRUE,U44,0)+IF(Q45=TRUE,U45,0)+IF(Q46=TRUE,U46,0)+IF(Q47=TRUE,U47,0)) -> 0
A50: EXPENSE TRACKER
A51: DATE | C51: AMOUNT | E51: CATEGORY | H51: NOTES
Q60: EXPENSE BREAKDOWN
Q61: CATEGORY | T61: TOTAL | U61: %
Q62: Transport | T62: {=SUM(IF($E$52:$G$86=$Q62,$C$52:$D$86,0))} -> 0 | U62: =IF($T$69=0,"",$T62/$T$69)
Q63: Groceries | T63: {=SUM(IF($E$52:$G$86=$Q63,$C$52:$D$86,0))} -> 0 | U63: =IF($T$69=0,"",$T63/$T$69)
Q64: Self Investment | T64: {=SUM(IF($E$52:$G$86=$Q64,$C$52:$D$86,0))} -> 0 | U64: =IF($T$69=0,"",$T64/$T$69)
Q65: Quality Time & Free Time | T65: {=SUM(IF($E$52:$G$86=$Q65,$C$52:$D$86,0))} -> 0 | U65: =IF($T$69=0,"",$T65/$T$69)
Q66: Household | T66: {=SUM(IF($E$52:$G$86=$Q66,$C$52:$D$86,0))} -> 0 | U66: =IF($T$69=0,"",$T66/$T$69)
Q67: Gifts | T67: {=SUM(IF($E$52:$G$86=$Q67,$C$52:$D$86,0))} -> 0 | U67: =IF($T$69=0,"",$T67/$T$69)
Q68: Others | T68: {=SUM(IF($E$52:$G$86=$Q68,$C$52:$D$86,0))} -> 0 | U68: =IF($T$69=0,"",$T68/$T$69)
Q69: TOTAL | T69: =SUM(T62:T69) -> 0 | U69: =SUM(U62:U68) -> 0
A87: TOTAL | C87: =SUM(C52:D86) -> 0

Sheet September
A1: September | F1: OVERVIEW | L1: LEFT TO SPEND | Q1: DAYS LEFT
F2: Start of Month | I2: 45901 | L2: =D16 -> 0 | Q2: =IF(TODAY()>DATE(YEAR(I2),MONTH(I2)+1,0),0,DATE(YEAR(I2),MONTH(I2)+1,0)-TODAY()+1) -> 59
F3: End of Month | I3: 45930
F4: Change Currency | I4: €
F5: Your Name
F6: Start Balance | I6: =August!D16 -> 0
A8: CASHFLOW
C9: BUDGET | D9: ACTUAL
A10: + Balance | C10: 0 | D10: 0
A11: + Income | C11: =C32 -> 0 | D11: =D32 -> 0
A12: - Bills | C12: =I48 -> 0 | D12: =J48 -> 0
A13: - Expenses | C13: =M48 -> 0 | D13: =N48 -> 0
A14: - Debt | C14: =T48 -> 0 | D14: =U48 -> 0
A15: - Savings | C15: =C48 -> 0 | D15: =D48 -> 0
A16: LEFT | C16: =C10+C11-C12-C13-C14-C15 -> 0 | D16: =D10+D11-D12-D13-D14-D15 -> 0
A18: INCOME | F18: BILLS | L18: EXPENSES | Q18: DEBT
A19: CATEGORY | C19: BUDGET | D19: ACTUAL | F19: CATEGORY | H19: DUE | I19: BUDGET | J19: ACTUAL | L19: CATEGORY | M19: BUDGET | N19: ACTUAL | O19: LEFT | Q19: CATEGORY | S19: DUE | T19: BUDGET | U19: ACTUAL
A20: =IF(January!A20="","",January!A20) -> Paycheck | F20: FALSE | G20: =IF(January!G20="","",January!G20) -> Internet | L20: =IF(January!L20="","",January!L20) -> Groceries | O20: =M20-N20 -> 0 | Q20: FALSE | R20: =IF(January!R20="","",January!R20)
A21: =IF(January!A21="","",January!A21) -> Business | F21: FALSE | G21: =IF(January!G21="","",January!G21) -> Water | L21: =IF(January!L21="","",January!L21) -> Dining out | O21: =M21-N21 -> 0 | Q21: FALSE | R21: =IF(January!R21="","",January!R21)
A22: =IF(January!A22="","",January!A22) -> Bonus | F22: FALSE | G22: =IF(January!G22="","",January!G22) -> Electricity | L22: =IF(January!L22="","",January!L22) -> Transport | O22: =M22-N22 -> 0 | Q22: FALSE | R22: =IF(January!R22="","",January!R22)
A23: =IF(January!A23="","",January!A23) -> Gifts | F23: FALSE | G23: =IF(January!G23="","",January!G23) -> Rent | L23: =IF(January!L23="","",January!L23) -> Household | O23: =M23-N23 -> 0 | Q23: FALSE | R23: =IF(January!R23="","",January!R23)
A24: =IF(January!A24="","",January!A24) | F24: FALSE | G24: =IF(January!G24="","",January!G24) -> Mobile | L24: =IF(January!L24="","",January!L24) -> Education | O24: =M24-N24 -> 0 | Q24: FALSE | R24: =IF(January!R24="","",January!R24)
A25: =IF(January!A25="","",January!A25) | F25: FALSE | G25: =IF(January!G25="","",January!G25) -> Health Insurance | L25: =IF(January!L25="","",January!L25) -> Health | O25: =M25-N25 -> 0 | Q25: FALSE | R25: =IF(January!R25="","",January!R25)
A26: =IF(January!A26="","",January!A26) | F26: FALSE | G26: =IF(January!G26="","",January!G26) -> Gas | L26: =IF(January!L26="","",January!L26) -> Beauty | O26: =M26-N26 -> 0 | Q26: FALSE | R26: =IF(January!R26="","",January!R26)
A27: =IF(January!A27="","",January!A27) | F27: FALSE | G27: =IF(January!G27="","",January!G27) -> Spotify | L27: =IF(January!L27="","",January!L27) -> Gifts | O27: =M27-N27 -> 0 | Q27: FALSE | R27: =IF(January!R27="","",January!R27)
A28: =IF(January!A28="","",January!A28) | F28: FALSE | G28: =IF(January!G28="","",January!G28) -> Netflix | L28: =IF(January!L28="","",January!L28) -> Clothes | O28: =M28-N28 -> 0 | Q28: FALSE | R28: =IF(January!R28="","",January!R28)
A29: =IF(January!A29="","",January!A29) | F29: FALSE | G29: =IF(January!G29="","",January!G29) -> Disney Plus | L29: =IF(January!L29="","",January!L29) -> Entertainment | O29: =M29-N29 -> 0 | Q29: FALSE | R29: =IF(January!R29="","",January!R29)
A30: =IF(January!A30="","",January!A30) | F30: FALSE | G30: =IF(January!G30="","",January!G30) -> Maintenance | L30: =IF(January!L30="","",January!L30) -> Miscellaneous | O30: =M30-N30 -> 0 | Q30: FALSE | R30: =IF(January!R30="","",January!R30)
A31: =IF(January!A31="","",January!A31) | F31: FALSE | G31: =IF(January!G31="","",January!G31) -> Car | L31: =IF(January!L31="","",January!L31) | O31: =M31-N31 -> 0 | Q31: FALSE | R31: =IF(January!R31="","",January!R31)
A32: TOTAL | C32: =SUM(C20:C31) -> 0 | D32: =SUM(D20:D31) -> 0 | F32: FALSE | G32: =IF(January!G32="","",January!G32) | L32: =IF(January!L32="","",January!L32) | O32: =M32-N32 -> 0 | Q32: FALSE | R32: =IF(January!R32="","",January!R32)
F33: FALSE | G33: =IF(January!G33="","",January!G33) | L33: =IF(January!L33="","",January!L33) | O33: =M33-N33 -> 0 | Q33: FALSE | R33: =IF(January!R33="","",January!R33)
A34: SAVINGS | F34: FALSE | G34: =IF(January!G34="","",January!G34) | L34: =IF(January!L34="","",January!L34) | O34: =M34-N34 -> 0 | Q34: FALSE | R34: =IF(January!R34="","",January!R34)
A35: CATEGORIE | C35: BUDGET | D35: ACTUAL | F35: FALSE | G35: =IF(January!G35="","",January!G35) | L35: =IF(January!L35="","",January!L35) | O35: =M35-N35 -> 0 | Q35: FALSE | R35: =IF(January!R35="","",January!R35)
A36: FALSE | B36: =IF(January!B36="","",January!B36) -> Car | F36: FALSE | G36: =IF(January!G36="","",January!G36) | L36: =IF(January!L36="","",January!L36) | O36: =M36-N36 -> 0 | Q36: FALSE | R36: =IF(January!R36="","",January!R36)
A37: FALSE | B37: =IF(January!B37="","",January!B37) -> House | F37: FALSE | G37: =IF(January!G37="","",January!G37) | L37: =IF(January!L37="","",January!L37) | O37: =M37-N37 -> 0 | Q37: FALSE | R37: =IF(January!R37="","",January!R37)
A38: FALSE | B38: =IF(January!B38="","",January!B38) | F38: FALSE | G38: =IF(January!G38="","",January!G38) | L38: =IF(January!L38="","",January!L38) | O38: =M38-N38 -> 0 | Q38: FALSE | R38: =IF(January!R38="","",January!R38)
A39: FALSE | B39: =IF(January!B39="","",January!B39) | F39: FALSE | G39: =IF(January!G39="","",January!G39) | L39: =IF(January!L39="","",January!L39) | O39: =M39-N39 -> 0 | Q39: FALSE | R39: =IF(January!R39="","",January!R39)
A40: FALSE | B40: =IF(January!B40="","",January!B40) | F40: FALSE | G40: =IF(January!G40="","",January!G40) | L40: =IF(January!L40="","",January!L40) | O40: =M40-N40 -> 0 | Q40: FALSE | R40: =IF(January!R40="","",January!R40)
A41: FALSE | B41: =IF(January!B41="","",January!B41) | F41: FALSE | G41: =IF(January!G41="","",January!G41) | L41: =IF(January!L41="","",January!L41) | O41: =M41-N41 -> 0 | Q41: FALSE | R41: =IF(January!R41="","",January!R41)
A42: FALSE | B42: =IF(January!B42="","",January!B42) | F42: FALSE | G42: =IF(January!G42="","",January!G42) | L42: =IF(January!L42="","",January!L42) | O42: =M42-N42 -> 0 | Q42: FALSE | R42: =IF(January!R42="","",January!R42)
A43: FALSE | B43: =IF(January!B43="","",January!B43) | F43: FALSE | G43: =IF(January!G43="","",January!G43) | L43: =IF(January!L43="","",January!L43) | O43: =M43-N43 -> 0 | Q43: FALSE | R43: =IF(January!R43="","",January!R43)
A44: FALSE | B44: =IF(January!B44="","",January!B44) | F44: FALSE | G44: =IF(January!G44="","",January!G44) | L44: =IF(January!L44="","",January!L44) | O44: =M44-N44 -> 0 | Q44: FALSE | R44: =IF(January!R44="","",January!R44)
A45: FALSE | B45: =IF(January!B45="","",January!B45) | F45: FALSE | G45: =IF(January!G45="","",January!G45) | L45: =IF(January!L45="","",January!L45) | O45: =M45-N45 -> 0 | Q45: FALSE | R45: =IF(January!R45="","",January!R45)
A46: FALSE | B46: =IF(January!B46="","",January!B46) | F46: FALSE | G46: =IF(January!G46="","",January!G46) | L46: =IF(January!L46="","",January!L46) | O46: =M46-N46 -> 0 | Q46: FALSE | R46: =IF(January!R46="","",January!R46)
A47: FALSE | B47: =IF(January!B47="","",January!B47) | F47: FALSE | G47: =IF(January!G47="","",January!G47) | L47: =IF(January!L47="","",January!L47) | O47: =M47-N47 -> 0 | Q47: FALSE | R47: =IF(January!R47="","",January!R47)
A48: TOTAL | C48: =SUM(C36:C47) -> 0 | D48: =SUM(IF(A36=TRUE,D36,0)+IF(A37=TRUE,D37,0)+IF(A38=TRUE,D38,0)+IF(A39=TRUE,D39,0)+IF(A40=TRUE,D40,0)+IF(A41=TRUE,D41,0)+IF(A42=TRUE,D42,0)+IF(A43=TRUE,D43,0)+IF(A44=TRUE,D44,0)+IF(A45=TRUE,D45,0)+IF(A46=TRUE,D46,0)+IF(A47=TRUE,D47,0)) -> 0 | F48: TOTAL | I48: =SUM(I20:I47) -> 0 | J48: =SUM(IF(F20=TRUE,J20,0)+IF(F21=TRUE,J21,0)+IF(F22=TRUE,J22,0)+IF(F23=TRUE,J23,0)+IF(F24=TRUE,J24,0)+IF(F25=TRUE,J25,0)+IF(F26=TRUE,J26,0)+IF(F27=TRUE,J27,0)+IF(F28=TRUE,J28,0)+IF(F29=TRUE,J29,0)+IF(F30=TRUE,J30,0)+IF(F31=TRUE,J31,0)+IF(F32=TRUE,J32,0)+IF(F33=TRUE,J33,0)+IF(F34=TRUE,J34,0)+IF(F35=TRUE,J35,0)+IF(F36=TRUE,J36,0)+IF(F37=TRUE,J37,0)+IF(F38=TRUE,J38,0)+IF(F39=TRUE,J39,0)+IF(F40=TRUE,J40,0)+IF(F41=TRUE,J41,0)+IF(F42=TRUE,J42,0)+IF(F43=TRUE,J43,0)+IF(F44=TRUE,J44,0)+IF(F45=TRUE,J45,0)+IF(F46=TRUE,J46,0)+IF(F47=TRUE,J47,0)) -> 0 | L48: TOTAL | M48: =SUM(M20:M47) -> 0 | N48: =SUM(N20:N47) -> 0 | O48: =SUM(O20:O47) -> 0 | Q48: TOTAL | T48: =SUM(T20:T47) -> 0 | U48: =SUM(IF(Q20=TRUE,U20,0)+IF(Q21=TRUE,U21,0)+IF(Q22=TRUE,U22,0)+IF(Q23=TRUE,U23,0)+IF(Q24=TRUE,U24,0)+IF(Q25=TRUE,U25,0)+IF(Q26=TRUE,U26,0)+IF(Q27=TRUE,U27,0)+IF(Q28=TRUE,U28,0)+IF(Q29=TRUE,U29,0)+IF(Q30=TRUE,U30,0)+IF(Q31=TRUE,U31,0)+IF(Q32=TRUE,U32,0)+IF(Q33=TRUE,U33,0)+IF(Q34=TRUE,U34,0)+IF(Q35=TRUE,U35,0)+IF(Q36=TRUE,U36,0)+IF(Q37=TRUE,U37,0)+IF(Q38=TRUE,U38,0)+IF(Q39=TRUE,U39,0)+IF(Q40=TRUE,U40,0)+IF(Q41=TRUE,U41,0)+IF(Q42=TRUE,U42,0)+IF(Q43=TRUE,U43,0)+IF(Q44=TRUE,U44,0)+IF(Q45=TRUE,U45,0)+IF(Q46=TRUE,U46,0)+IF(Q47=TRUE,U47,0)) -> 0
A50: EXPENSE TRACKER
A51: DATE | C51: AMOUNT | E51: CATEGORY | H51: NOTES
Q60: EXPENSE BREAKDOWN
Q61: CATEGORY | T61: TOTAL | U61: %
Q62: Transport | T62: {=SUM(IF($E$52:$G$86=$Q62,$C$52:$D$86,0))} -> 0 | U62: =IF($T$69=0,"",$T62/$T$69)
Q63: Groceries | T63: {=SUM(IF($E$52:$G$86=$Q63,$C$52:$D$86,0))} -> 0 | U63: =IF($T$69=0,"",$T63/$T$69)
Q64: Self Investment | T64: {=SUM(IF($E$52:$G$86=$Q64,$C$52:$D$86,0))} -> 0 | U64: =IF($T$69=0,"",$T64/$T$69)
Q65: Quality Time & Free Time | T65: {=SUM(IF($E$52:$G$86=$Q65,$C$52:$D$86,0))} -> 0 | U65: =IF($T$69=0,"",$T65/$T$69)
Q66: Household | T66: {=SUM(IF($E$52:$G$86=$Q66,$C$52:$D$86,0))} -> 0 | U66: =IF($T$69=0,"",$T66/$T$69)
Q67: Gifts | T67: {=SUM(IF($E$52:$G$86=$Q67,$C$52:$D$86,0))} -> 0 | U67: =IF($T$69=0,"",$T67/$T$69)
Q68: Others | T68: {=SUM(IF($E$52:$G$86=$Q68,$C$52:$D$86,0))} -> 0 | U68: =IF($T$69=0,"",$T68/$T$69)
Q69: TOTAL | T69: =SUM(T62:T69) -> 0 | U69: =SUM(U62:U68) -> 0
A87: TOTAL | C87: =SUM(C52:D86) -> 0

Sheet October
A1: October | F1: OVERVIEW | L1: LEFT TO SPEND | Q1: DAYS LEFT
F2: Start of Month | I2: 45931 | L2: =D16 -> 0 | Q2: =IF(TODAY()>DATE(YEAR(I2),MONTH(I2)+1,0),0,DATE(YEAR(I2),MONTH(I2)+1,0)-TODAY()+1) -> 90
F3: End of Month | I3: 45961
F4: Change Currency | I4: €
F5: Your Name
F6: Start Balance | I6: =September!D16 -> 0
A8: CASHFLOW
C9: BUDGET | D9: ACTUAL
A10: + Balance | C10: 0 | D10: 0
A11: + Income | C11: =C32 -> 0 | D11: =D32 -> 0
A12: - Bills | C12: =I48 -> 0 | D12: =J48 -> 0
A13: - Expenses | C13: =M48 -> 0 | D13: =N48 -> 0
A14: - Debt | C14: =T48 -> 0 | D14: =U48 -> 0
A15: - Savings | C15: =C48 -> 0 | D15: =D48 -> 0
A16: LEFT | C16: =C10+C11-C12-C13-C14-C15 -> 0 | D16: =D10+D11-D12-D13-D14-D15 -> 0
A18: INCOME | F18: BILLS | L18: EXPENSES | Q18: DEBT
A19: CATEGORY | C19: BUDGET | D19: ACTUAL | F19: CATEGORY | H19: DUE | I19: BUDGET | J19: ACTUAL | L19: CATEGORY | M19: BUDGET | N19: ACTUAL | O19: LEFT | Q19: CATEGORY | S19: DUE | T19: BUDGET | U19: ACTUAL
A20: =IF(January!A20="","",January!A20) -> Paycheck | F20: FALSE | G20: =IF(January!G20="","",January!G20) -> Internet | L20: =IF(January!L20="","",January!L20) -> Groceries | O20: =M20-N20 -> 0 | Q20: FALSE | R20: =IF(January!R20="","",January!R20)
A21: =IF(January!A21="","",January!A21) -> Business | F21: FALSE | G21: =IF(January!G21="","",January!G21) -> Water | L21: =IF(January!L21="","",January!L21) -> Dining out | O21: =M21-N21 -> 0 | Q21: FALSE | R21: =IF(January!R21="","",January!R21)
A22: =IF(January!A22="","",January!A22) -> Bonus | F22: FALSE | G22: =IF(January!G22="","",January!G22) -> Electricity | L22: =IF(January!L22="","",January!L22) -> Transport | O22: =M22-N22 -> 0 | Q22: FALSE | R22: =IF(January!R22="","",January!R22)
A23: =IF(January!A23="","",January!A23) -> Gifts | F23: FALSE | G23: =IF(January!G23="","",January!G23) -> Rent | L23: =IF(January!L23="","",January!L23) -> Household | O23: =M23-N23 -> 0 | Q23: FALSE | R23: =IF(January!R23="","",January!R23)
A24: =IF(January!A24="","",January!A24) | F24: FALSE | G24: =IF(January!G24="","",January!G24) -> Mobile | L24: =IF(January!L24="","",January!L24) -> Education | O24: =M24-N24 -> 0 | Q24: FALSE | R24: =IF(January!R24="","",January!R24)
A25: =IF(January!A25="","",January!A25) | F25: FALSE | G25: =IF(January!G25="","",January!G25) -> Health Insurance | L25: =IF(January!L25="","",January!L25) -> Health | O25: =M25-N25 -> 0 | Q25: FALSE | R25: =IF(January!R25="","",January!R25)
A26: =IF(January!A26="","",January!A26) | F26: FALSE | G26: =IF(January!G26="","",January!G26) -> Gas | L26: =IF(January!L26="","",January!L26) -> Beauty | O26: =M26-N26 -> 0 | Q26: FALSE | R26: =IF(January!R26="","",January!R26)
A27: =IF(January!A27="","",January!A27) | F27: FALSE | G27: =IF(January!G27="","",January!G27) -> Spotify | L27: =IF(January!L27="","",January!L27) -> Gifts | O27: =M27-N27 -> 0 | Q27: FALSE | R27: =IF(January!R27="","",January!R27)
A28: =IF(January!A28="","",January!A28) | F28: FALSE | G28: =IF(January!G28="","",January!G28) -> Netflix | L28: =IF(January!L28="","",January!L28) -> Clothes | O28: =M28-N28 -> 0 | Q28: FALSE | R28: =IF(January!R28="","",January!R28)
A29: =IF(January!A29="","",January!A29) | F29: FALSE | G29: =IF(January!G29="","",January!G29) -> Disney Plus | L29: =IF(January!L29="","",January!L29) -> Entertainment | O29: =M29-N29 -> 0 | Q29: FALSE | R29: =IF(January!R29="","",January!R29)
A30: =IF(January!A30="","",January!A30) | F30: FALSE | G30: =IF(January!G30="","",January!G30) -> Maintenance | L30: =IF(January!L30="","",January!L30) -> Miscellaneous | O30: =M30-N30 -> 0 | Q30: FALSE | R30: =IF(January!R30="","",January!R30)
A31: =IF(January!A31="","",January!A31) | F31: FALSE | G31: =IF(January!G31="","",January!G31) -> Car | L31: =IF(January!L31="","",January!L31) | O31: =M31-N31 -> 0 | Q31: FALSE | R31: =IF(January!R31="","",January!R31)
A32: TOTAL | C32: =SUM(C20:C31) -> 0 | D32: =SUM(D20:D31) -> 0 | F32: FALSE | G32: =IF(January!G32="","",January!G32) | L32: =IF(January!L32="","",January!L32) | O32: =M32-N32 -> 0 | Q32: FALSE | R32: =IF(January!R32="","",January!R32)
F33: FALSE | G33: =IF(January!G33="","",January!G33) | L33: =IF(January!L33="","",January!L33) | O33: =M33-N33 -> 0 | Q33: FALSE | R33: =IF(January!R33="","",January!R33)
A34: SAVINGS | F34: FALSE | G34: =IF(January!G34="","",January!G34) | L34: =IF(January!L34="","",January!L34) | O34: =M34-N34 -> 0 | Q34: FALSE | R34: =IF(January!R34="","",January!R34)
A35: CATEGORIE | C35: BUDGET | D35: ACTUAL | F35: FALSE | G35: =IF(January!G35="","",January!G35) | L35: =IF(January!L35="","",January!L35) | O35: =M35-N35 -> 0 | Q35: FALSE | R35: =IF(January!R35="","",January!R35)
A36: FALSE | B36: =IF(January!B36="","",January!B36) -> Car | F36: FALSE | G36: =IF(January!G36="","",January!G36) | L36: =IF(January!L36="","",January!L36) | O36: =M36-N36 -> 0 | Q36: FALSE | R36: =IF(January!R36="","",January!R36)
A37: FALSE | B37: =IF(January!B37="","",January!B37) -> House | F37: FALSE | G37: =IF(January!G37="","",January!G37) | L37: =IF(January!L37="","",January!L37) | O37: =M37-N37 -> 0 | Q37: FALSE | R37: =IF(January!R37="","",January!R37)
A38: FALSE | B38: =IF(January!B38="","",January!B38) | F38: FALSE | G38: =IF(January!G38="","",January!G38) | L38: =IF(January!L38="","",January!L38) | O38: =M38-N38 -> 0 | Q38: FALSE | R38: =IF(January!R38="","",January!R38)
A39: FALSE | B39: =IF(January!B39="","",January!B39) | F39: FALSE | G39: =IF(January!G39="","",January!G39) | L39: =IF(January!L39="","",January!L39) | O39: =M39-N39 -> 0 | Q39: FALSE | R39: =IF(January!R39="","",January!R39)
A40: FALSE | B40: =IF(January!B40="","",January!B40) | F40: FALSE | G40: =IF(January!G40="","",January!G40) | L40: =IF(January!L40="","",January!L40) | O40: =M40-N40 -> 0 | Q40: FALSE | R40: =IF(January!R40="","",January!R40)
A41: FALSE | B41: =IF(January!B41="","",January!B41) | F41: FALSE | G41: =IF(January!G41="","",January!G41) | L41: =IF(January!L41="","",January!L41) | O41: =M41-N41 -> 0 | Q41: FALSE | R41: =IF(January!R41="","",January!R41)
A42: FALSE | B42: =IF(January!B42="","",January!B42) | F42: FALSE | G42: =IF(January!G42="","",January!G42) | L42: =IF(January!L42="","",January!L42) | O42: =M42-N42 -> 0 | Q42: FALSE | R42: =IF(January!R42="","",January!R42)
A43: FALSE | B43: =IF(January!B43="","",January!B43) | F43: FALSE | G43: =IF(January!G43="","",January!G43) | L43: =IF(January!L43="","",January!L43) | O43: =M43-N43 -> 0 | Q43: FALSE | R43: =IF(January!R43="","",January!R43)
A44: FALSE | B44: =IF(January!B44="","",January!B44) | F44: FALSE | G44: =IF(January!G44="","",January!G44) | L44: =IF(January!L44="","",January!L44) | O44: =M44-N44 -> 0 | Q44: FALSE | R44: =IF(January!R44="","",January!R44)
A45: FALSE | B45: =IF(January!B45="","",January!B45) | F45: FALSE | G45: =IF(January!G45="","",January!G45) | L45: =IF(January!L45="","",January!L45) | O45: =M45-N45 -> 0 | Q45: FALSE | R45: =IF(January!R45="","",January!R45)
A46: FALSE | B46: =IF(January!B46="","",January!B46) | F46: FALSE | G46: =IF(January!G46="","",January!G46) | L46: =IF(January!L46="","",January!L46) | O46: =M46-N46 -> 0 | Q46: FALSE | R46: =IF(January!R46="","",January!R46)
A47: FALSE | B47: =IF(January!B47="","",January!B47) | F47: FALSE | G47: =IF(January!G47="","",January!G47) | L47: =IF(January!L47="","",January!L47) | O47: =M47-N47 -> 0 | Q47: FALSE | R47: =IF(January!R47="","",January!R47)
A48: TOTAL | C48: =SUM(C36:C47) -> 0 | D48: =SUM(IF(A36=TRUE,D36,0)+IF(A37=TRUE,D37,0)+IF(A38=TRUE,D38,0)+IF(A39=TRUE,D39,0)+IF(A40=TRUE,D40,0)+IF(A41=TRUE,D41,0)+IF(A42=TRUE,D42,0)+IF(A43=TRUE,D43,0)+IF(A44=TRUE,D44,0)+IF(A45=TRUE,D45,0)+IF(A46=TRUE,D46,0)+IF(A47=TRUE,D47,0)) -> 0 | F48: TOTAL | I48: =SUM(I20:I47) -> 0 | J48: =SUM(IF(F20=TRUE,J20,0)+IF(F21=TRUE,J21,0)+IF(F22=TRUE,J22,0)+IF(F23=TRUE,J23,0)+IF(F24=TRUE,J24,0)+IF(F25=TRUE,J25,0)+IF(F26=TRUE,J26,0)+IF(F27=TRUE,J27,0)+IF(F28=TRUE,J28,0)+IF(F29=TRUE,J29,0)+IF(F30=TRUE,J30,0)+IF(F31=TRUE,J31,0)+IF(F32=TRUE,J32,0)+IF(F33=TRUE,J33,0)+IF(F34=TRUE,J34,0)+IF(F35=TRUE,J35,0)+IF(F36=TRUE,J36,0)+IF(F37=TRUE,J37,0)+IF(F38=TRUE,J38,0)+IF(F39=TRUE,J39,0)+IF(F40=TRUE,J40,0)+IF(F41=TRUE,J41,0)+IF(F42=TRUE,J42,0)+IF(F43=TRUE,J43,0)+IF(F44=TRUE,J44,0)+IF(F45=TRUE,J45,0)+IF(F46=TRUE,J46,0)+IF(F47=TRUE,J47,0)) -> 0 | L48: TOTAL | M48: =SUM(M20:M47) -> 0 | N48: =SUM(N20:N47) -> 0 | O48: =SUM(O20:O47) -> 0 | Q48: TOTAL | T48: =SUM(T20:T47) -> 0 | U48: =SUM(IF(Q20=TRUE,U20,0)+IF(Q21=TRUE,U21,0)+IF(Q22=TRUE,U22,0)+IF(Q23=TRUE,U23,0)+IF(Q24=TRUE,U24,0)+IF(Q25=TRUE,U25,0)+IF(Q26=TRUE,U26,0)+IF(Q27=TRUE,U27,0)+IF(Q28=TRUE,U28,0)+IF(Q29=TRUE,U29,0)+IF(Q30=TRUE,U30,0)+IF(Q31=TRUE,U31,0)+IF(Q32=TRUE,U32,0)+IF(Q33=TRUE,U33,0)+IF(Q34=TRUE,U34,0)+IF(Q35=TRUE,U35,0)+IF(Q36=TRUE,U36,0)+IF(Q37=TRUE,U37,0)+IF(Q38=TRUE,U38,0)+IF(Q39=TRUE,U39,0)+IF(Q40=TRUE,U40,0)+IF(Q41=TRUE,U41,0)+IF(Q42=TRUE,U42,0)+IF(Q43=TRUE,U43,0)+IF(Q44=TRUE,U44,0)+IF(Q45=TRUE,U45,0)+IF(Q46=TRUE,U46,0)+IF(Q47=TRUE,U47,0)) -> 0
A50: EXPENSE TRACKER
A51: DATE | C51: AMOUNT | E51: CATEGORY | H51: NOTES
Q60: EXPENSE BREAKDOWN
Q61: CATEGORY | T61: TOTAL | U61: %
Q62: Transport | T62: {=SUM(IF($E$52:$G$86=$Q62,$C$52:$D$86,0))} -> 0 | U62: =IF($T$69=0,"",$T62/$T$69)
Q63: Groceries | T63: {=SUM(IF($E$52:$G$86=$Q63,$C$52:$D$86,0))} -> 0 | U63: =IF($T$69=0,"",$T63/$T$69)
Q64: Self Investment | T64: {=SUM(IF($E$52:$G$86=$Q64,$C$52:$D$86,0))} -> 0 | U64: =IF($T$69=0,"",$T64/$T$69)
Q65: Quality Time & Free Time | T65: {=SUM(IF($E$52:$G$86=$Q65,$C$52:$D$86,0))} -> 0 | U65: =IF($T$69=0,"",$T65/$T$69)
Q66: Household | T66: {=SUM(IF($E$52:$G$86=$Q66,$C$52:$D$86,0))} -> 0 | U66: =IF($T$69=0,"",$T66/$T$69)
Q67: Gifts | T67: {=SUM(IF($E$52:$G$86=$Q67,$C$52:$D$86,0))} -> 0 | U67: =IF($T$69=0,"",$T67/$T$69)
Q68: Others | T68: {=SUM(IF($E$52:$G$86=$Q68,$C$52:$D$86,0))} -> 0 | U68: =IF($T$69=0,"",$T68/$T$69)
Q69: TOTAL | T69: =SUM(T62:T69) -> 0 | U69: =SUM(U62:U68) -> 0
A87: TOTAL | C87: =SUM(C52:D86) -> 0

Sheet November
A1: November | F1: OVERVIEW | L1: LEFT TO SPEND | Q1: DAYS LEFT
F2: Start of Month | I2: 45962 | L2: =D16 -> 0 | Q2: =IF(TODAY()>DATE(YEAR(I2),MONTH(I2)+1,0),0,DATE(YEAR(I2),MONTH(I2)+1,0)-TODAY()+1) -> 120
F3: End of Month | I3: 45991
F4: Change Currency | I4: €
F5: Your Name
F6: Start Balance | I6: =October!D16 -> 0
A8: CASHFLOW
C9: BUDGET | D9: ACTUAL
A10: + Balance | C10: 0 | D10: 0
A11: + Income | C11: =C32 -> 0 | D11: =D32 -> 0
A12: - Bills | C12: =I48 -> 0 | D12: =J48 -> 0
A13: - Expenses | C13: =M48 -> 0 | D13: =N48 -> 0
A14: - Debt | C14: =T48 -> 0 | D14: =U48 -> 0
A15: - Savings | C15: =C48 -> 0 | D15: =D48 -> 0
A16: LEFT | C16: =C10+C11-C12-C13-C14-C15 -> 0 | D16: =D10+D11-D12-D13-D14-D15 -> 0
A18: INCOME | F18: BILLS | L18: EXPENSES | Q18: DEBT
A19: CATEGORY | C19: BUDGET | D19: ACTUAL | F19: CATEGORY | H19: DUE | I19: BUDGET | J19: ACTUAL | L19: CATEGORY | M19: BUDGET | N19: ACTUAL | O19: LEFT | Q19: CATEGORY | S19: DUE | T19: BUDGET | U19: ACTUAL
A20: =IF(January!A20="","",January!A20) -> Paycheck | F20: FALSE | G20: =IF(January!G20="","",January!G20) -> Internet | L20: =IF(January!L20="","",January!L20) -> Groceries | O20: =M20-N20 -> 0 | Q20: FALSE | R20: =IF(January!R20="","",January!R20)
A21: =IF(January!A21="","",January!A21) -> Business | F21: FALSE | G21: =IF(January!G21="","",January!G21) -> Water | L21: =IF(January!L21="","",January!L21) -> Dining out | O21: =M21-N21 -> 0 | Q21: FALSE | R21: =IF(January!R21="","",January!R21)
A22: =IF(January!A22="","",January!A22) -> Bonus | F22: FALSE | G22: =IF(January!G22="","",January!G22) -> Electricity | L22: =IF(January!L22="","",January!L22) -> Transport | O22: =M22-N22 -> 0 | Q22: FALSE | R22: =IF(January!R22="","",January!R22)
A23: =IF(January!A23="","",January!A23) -> Gifts | F23: FALSE | G23: =IF(January!G23="","",January!G23) -> Rent | L23: =IF(January!L23="","",January!L23) -> Household | O23: =M23-N23 -> 0 | Q23: FALSE | R23: =IF(January!R23="","",January!R23)
A24: =IF(January!A24="","",January!A24) | F24: FALSE | G24: =IF(January!G24="","",January!G24) -> Mobile | L24: =IF(January!L24="","",January!L24) -> Education | O24: =M24-N24 -> 0 | Q24: FALSE | R24: =IF(January!R24="","",January!R24)
A25: =IF(January!A25="","",January!A25) | F25: FALSE | G25: =IF(January!G25="","",January!G25) -> Health Insurance | L25: =IF(January!L25="","",January!L25) -> Health | O25: =M25-N25 -> 0 | Q25: FALSE | R25: =IF(January!R25="","",January!R25)
A26: =IF(January!A26="","",January!A26) | F26: FALSE | G26: =IF(January!G26="","",January!G26) -> Gas | L26: =IF(January!L26="","",January!L26) -> Beauty | O26: =M26-N26 -> 0 | Q26: FALSE | R26: =IF(January!R26="","",January!R26)
A27: =IF(January!A27="","",January!A27) | F27: FALSE | G27: =IF(January!G27="","",January!G27) -> Spotify | L27: =IF(January!L27="","",January!L27) -> Gifts | O27: =M27-N27 -> 0 | Q27: FALSE | R27: =IF(January!R27="","",January!R27)
A28: =IF(January!A28="","",January!A28) | F28: FALSE | G28: =IF(January!G28="","",January!G28) -> Netflix | L28: =IF(January!L28="","",January!L28) -> Clothes | O28: =M28-N28 -> 0 | Q28: FALSE | R28: =IF(January!R28="","",January!R28)
A29: =IF(January!A29="","",January!A29) | F29: FALSE | G29: =IF(January!G29="","",January!G29) -> Disney Plus | L29: =IF(January!L29="","",January!L29) -> Entertainment | O29: =M29-N29 -> 0 | Q29: FALSE | R29: =IF(January!R29="","",January!R29)
A30: =IF(January!A30="","",January!A30) | F30: FALSE | G30: =IF(January!G30="","",January!G30) -> Maintenance | L30: =IF(January!L30="","",January!L30) -> Miscellaneous | O30: =M30-N30 -> 0 | Q30: FALSE | R30: =IF(January!R30="","",January!R30)
A31: =IF(January!A31="","",January!A31) | F31: FALSE | G31: =IF(January!G31="","",January!G31) -> Car | L31: =IF(January!L31="","",January!L31) | O31: =M31-N31 -> 0 | Q31: FALSE | R31: =IF(January!R31="","",January!R31)
A32: TOTAL | C32: =SUM(C20:C31) -> 0 | D32: =SUM(D20:D31) -> 0 | F32: FALSE | G32: =IF(January!G32="","",January!G32) | L32: =IF(January!L32="","",January!L32) | O32: =M32-N32 -> 0 | Q32: FALSE | R32: =IF(January!R32="","",January!R32)
F33: FALSE | G33: =IF(January!G33="","",January!G33) | L33: =IF(January!L33="","",January!L33) | O33: =M33-N33 -> 0 | Q33: FALSE | R33: =IF(January!R33="","",January!R33)
A34: SAVINGS | F34: FALSE | G34: =IF(January!G34="","",January!G34) | L34: =IF(January!L34="","",January!L34) | O34: =M34-N34 -> 0 | Q34: FALSE | R34: =IF(January!R34="","",January!R34)
A35: CATEGORIE | C35: BUDGET | D35: ACTUAL | F35: FALSE | G35: =IF(January!G35="","",January!G35) | L35: =IF(January!L35="","",January!L35) | O35: =M35-N35 -> 0 | Q35: FALSE | R35: =IF(January!R35="","",January!R35)
A36: FALSE | B36: =IF(January!B36="","",January!B36) -> Car | F36: FALSE | G36: =IF(January!G36="","",January!G36) | L36: =IF(January!L36="","",January!L36) | O36: =M36-N36 -> 0 | Q36: FALSE | R36: =IF(January!R36="","",January!R36)
A37: FALSE | B37: =IF(January!B37="","",January!B37) -> House | F37: FALSE | G37: =IF(January!G37="","",January!G37) | L37: =IF(January!L37="","",January!L37) | O37: =M37-N37 -> 0 | Q37: FALSE | R37: =IF(January!R37="","",January!R37)
A38: FALSE | B38: =IF(January!B38="","",January!B38) | F38: FALSE | G38: =IF(January!G38="","",January!G38) | L38: =IF(January!L38="","",January!L38) | O38: =M38-N38 -> 0 | Q38: FALSE | R38: =IF(January!R38="","",January!R38)
A39: FALSE | B39: =IF(January!B39="","",January!B39) | F39: FALSE | G39: =IF(January!G39="","",January!G39) | L39: =IF(January!L39="","",January!L39) | O39: =M39-N39 -> 0 | Q39: FALSE | R39: =IF(January!R39="","",January!R39)
A40: FALSE | B40: =IF(January!B40="","",January!B40) | F40: FALSE | G40: =IF(January!G40="","",January!G40) | L40: =IF(January!L40="","",January!L40) | O40: =M40-N40 -> 0 | Q40: FALSE | R40: =IF(January!R40="","",January!R40)
A41: FALSE | B41: =IF(January!B41="","",January!B41) | F41: FALSE | G41: =IF(January!G41="","",January!G41) | L41: =IF(January!L41="","",January!L41) | O41: =M41-N41 -> 0 | Q41: FALSE | R41: =IF(January!R41="","",January!R41)
A42: FALSE | B42: =IF(January!B42="","",January!B42) | F42: FALSE | G42: =IF(January!G42="","",January!G42) | L42: =IF(January!L42="","",January!L42) | O42: =M42-N42 -> 0 | Q42: FALSE | R42: =IF(January!R42="","",January!R42)
A43: FALSE | B43: =IF(January!B43="","",January!B43) | F43: FALSE | G43: =IF(January!G43="","",January!G43) | L43: =IF(January!L43="","",January!L43) | O43: =M43-N43 -> 0 | Q43: FALSE | R43: =IF(January!R43="","",January!R43)
A44: FALSE | B44: =IF(January!B44="","",January!B44) | F44: FALSE | G44: =IF(January!G44="","",January!G44) | L44: =IF(January!L44="","",January!L44) | O44: =M44-N44 -> 0 | Q44: FALSE | R44: =IF(January!R44="","",January!R44)
A45: FALSE | B45: =IF(January!B45="","",January!B45) | F45: FALSE | G45: =IF(January!G45="","",January!G45) | L45: =IF(January!L45="","",January!L45) | O45: =M45-N45 -> 0 | Q45: FALSE | R45: =IF(January!R45="","",January!R45)
A46: FALSE | B46: =IF(January!B46="","",January!B46) | F46: FALSE | G46: =IF(January!G46="","",January!G46) | L46: =IF(January!L46="","",January!L46) | O46: =M46-N46 -> 0 | Q46: FALSE | R46: =IF(January!R46="","",January!R46)
A47: FALSE | B47: =IF(January!B47="","",January!B47) | F47: FALSE | G47: =IF(January!G47="","",January!G47) | L47: =IF(January!L47="","",January!L47) | O47: =M47-N47 -> 0 | Q47: FALSE | R47: =IF(January!R47="","",January!R47)
A48: TOTAL | C48: =SUM(C36:C47) -> 0 | D48: =SUM(IF(A36=TRUE,D36,0)+IF(A37=TRUE,D37,0)+IF(A38=TRUE,D38,0)+IF(A39=TRUE,D39,0)+IF(A40=TRUE,D40,0)+IF(A41=TRUE,D41,0)+IF(A42=TRUE,D42,0)+IF(A43=TRUE,D43,0)+IF(A44=TRUE,D44,0)+IF(A45=TRUE,D45,0)+IF(A46=TRUE,D46,0)+IF(A47=TRUE,D47,0)) -> 0 | F48: TOTAL | I48: =SUM(I20:I47) -> 0 | J48: =SUM(IF(F20=TRUE,J20,0)+IF(F21=TRUE,J21,0)+IF(F22=TRUE,J22,0)+IF(F23=TRUE,J23,0)+IF(F24=TRUE,J24,0)+IF(F25=TRUE,J25,0)+IF(F26=TRUE,J26,0)+IF(F27=TRUE,J27,0)+IF(F28=TRUE,J28,0)+IF(F29=TRUE,J29,0)+IF(F30=TRUE,J30,0)+IF(F31=TRUE,J31,0)+IF(F32=TRUE,J32,0)+IF(F33=TRUE,J33,0)+IF(F34=TRUE,J34,0)+IF(F35=TRUE,J35,0)+IF(F36=TRUE,J36,0)+IF(F37=TRUE,J37,0)+IF(F38=TRUE,J38,0)+IF(F39=TRUE,J39,0)+IF(F40=TRUE,J40,0)+IF(F41=TRUE,J41,0)+IF(F42=TRUE,J42,0)+IF(F43=TRUE,J43,0)+IF(F44=TRUE,J44,0)+IF(F45=TRUE,J45,0)+IF(F46=TRUE,J46,0)+IF(F47=TRUE,J47,0)) -> 0 | L48: TOTAL | M48: =SUM(M20:M47) -> 0 | N48: =SUM(N20:N47) -> 0 | O48: =SUM(O20:O47) -> 0 | Q48: TOTAL | T48: =SUM(T20:T47) -> 0 | U48: =SUM(IF(Q20=TRUE,U20,0)+IF(Q21=TRUE,U21,0)+IF(Q22=TRUE,U22,0)+IF(Q23=TRUE,U23,0)+IF(Q24=TRUE,U24,0)+IF(Q25=TRUE,U25,0)+IF(Q26=TRUE,U26,0)+IF(Q27=TRUE,U27,0)+IF(Q28=TRUE,U28,0)+IF(Q29=TRUE,U29,0)+IF(Q30=TRUE,U30,0)+IF(Q31=TRUE,U31,0)+IF(Q32=TRUE,U32,0)+IF(Q33=TRUE,U33,0)+IF(Q34=TRUE,U34,0)+IF(Q35=TRUE,U35,0)+IF(Q36=TRUE,U36,0)+IF(Q37=TRUE,U37,0)+IF(Q38=TRUE,U38,0)+IF(Q39=TRUE,U39,0)+IF(Q40=TRUE,U40,0)+IF(Q41=TRUE,U41,0)+IF(Q42=TRUE,U42,0)+IF(Q43=TRUE,U43,0)+IF(Q44=TRUE,U44,0)+IF(Q45=TRUE,U45,0)+IF(Q46=TRUE,U46,0)+IF(Q47=TRUE,U47,0)) -> 0
A50: EXPENSE TRACKER
A51: DATE | C51: AMOUNT | E51: CATEGORY | H51: NOTES
Q60: EXPENSE BREAKDOWN
Q61: CATEGORY | T61: TOTAL | U61: %
Q62: Transport | T62: {=SUM(IF($E$52:$G$86=$Q62,$C$52:$D$86,0))} -> 0 | U62: =IF($T$69=0,"",$T62/$T$69)
Q63: Groceries | T63: {=SUM(IF($E$52:$G$86=$Q63,$C$52:$D$86,0))} -> 0 | U63: =IF($T$69=0,"",$T63/$T$69)
Q64: Self Investment | T64: {=SUM(IF($E$52:$G$86=$Q64,$C$52:$D$86,0))} -> 0 | U64: =IF($T$69=0,"",$T64/$T$69)
Q65: Quality Time & Free Time | T65: {=SUM(IF($E$52:$G$86=$Q65,$C$52:$D$86,0))} -> 0 | U65: =IF($T$69=0,"",$T65/$T$69)
Q66: Household | T66: {=SUM(IF($E$52:$G$86=$Q66,$C$52:$D$86,0))} -> 0 | U66: =IF($T$69=0,"",$T66/$T$69)
Q67: Gifts | T67: {=SUM(IF($E$52:$G$86=$Q67,$C$52:$D$86,0))} -> 0 | U67: =IF($T$69=0,"",$T67/$T$69)
Q68: Others | T68: {=SUM(IF($E$52:$G$86=$Q68,$C$52:$D$86,0))} -> 0 | U68: =IF($T$69=0,"",$T68/$T$69)
Q69: TOTAL | T69: =SUM(T62:T69) -> 0 | U69: =SUM(U62:U68) -> 0
A87: TOTAL | C87: =SUM(C52:D86) -> 0

Sheet December
A1: December | F1: OVERVIEW | L1: LEFT TO SPEND | Q1: DAYS LEFT
F2: Start of Month | I2: 45992 | L2: =D16 -> 0 | Q2: =IF(TODAY()>DATE(YEAR(I2),MONTH(I2)+1,0),0,DATE(YEAR(I2),MONTH(I2)+1,0)-TODAY()+1) -> 151
F3: End of Month | I3: 46022
F4: Change Currency | I4: €
F5: Your Name
F6: Start Balance | I6: =November!D16 -> 0
A8: CASHFLOW
C9: BUDGET | D9: ACTUAL
A10: + Balance | C10: 0 | D10: 0
A11: + Income | C11: =C32 -> 0 | D11: =D32 -> 0
A12: - Bills | C12: =I48 -> 0 | D12: =J48 -> 0
A13: - Expenses | C13: =M48 -> 0 | D13: =N48 -> 0
A14: - Debt | C14: =T48 -> 0 | D14: =U48 -> 0
A15: - Savings | C15: =C48 -> 0 | D15: =D48 -> 0
A16: LEFT | C16: =C10+C11-C12-C13-C14-C15 -> 0 | D16: =D10+D11-D12-D13-D14-D15 -> 0
A18: INCOME | F18: BILLS | L18: EXPENSES | Q18: DEBT
A19: CATEGORY | C19: BUDGET | D19: ACTUAL | F19: CATEGORY | H19: DUE | I19: BUDGET | J19: ACTUAL | L19: CATEGORY | M19: BUDGET | N19: ACTUAL | O19: LEFT | Q19: CATEGORY | S19: DUE | T19: BUDGET | U19: ACTUAL
A20: =IF(January!A20="","",January!A20) -> Paycheck | F20: FALSE | G20: =IF(January!G20="","",January!G20) -> Internet | L20: =IF(January!L20="","",January!L20) -> Groceries | O20: =M20-N20 -> 0 | Q20: FALSE | R20: =IF(January!R20="","",January!R20)
A21: =IF(January!A21="","",January!A21) -> Business | F21: FALSE | G21: =IF(January!G21="","",January!G21) -> Water | L21: =IF(January!L21="","",January!L21) -> Dining out | O21: =M21-N21 -> 0 | Q21: FALSE | R21: =IF(January!R21="","",January!R21)
A22: =IF(January!A22="","",January!A22) -> Bonus | F22: FALSE | G22: =IF(January!G22="","",January!G22) -> Electricity | L22: =IF(January!L22="","",January!L22) -> Transport | O22: =M22-N22 -> 0 | Q22: FALSE | R22: =IF(January!R22="","",January!R22)
A23: =IF(January!A23="","",January!A23) -> Gifts | F23: FALSE | G23: =IF(January!G23="","",January!G23) -> Rent | L23: =IF(January!L23="","",January!L23) -> Household | O23: =M23-N23 -> 0 | Q23: FALSE | R23: =IF(January!R23="","",January!R23)
A24: =IF(January!A24="","",January!A24) | F24: FALSE | G24: =IF(January!G24="","",January!G24) -> Mobile | L24: =IF(January!L24="","",January!L24) -> Education | O24: =M24-N24 -> 0 | Q24: FALSE | R24: =IF(January!R24="","",January!R24)
A25: =IF(January!A25="","",January!A25) | F25: FALSE | G25: =IF(January!G25="","",January!G25) -> Health Insurance | L25: =IF(January!L25="","",January!L25) -> Health | O25: =M25-N25 -> 0 | Q25: FALSE | R25: =IF(January!R25="","",January!R25)
A26: =IF(January!A26="","",January!A26) | F26: FALSE | G26: =IF(January!G26="","",January!G26) -> Gas | L26: =IF(January!L26="","",January!L26) -> Beauty | O26: =M26-N26 -> 0 | Q26: FALSE | R26: =IF(January!R26="","",January!R26)
A27: =IF(January!A27="","",January!A27) | F27: FALSE | G27: =IF(January!G27="","",January!G27) -> Spotify | L27: =IF(January!L27="","",January!L27) -> Gifts | O27: =M27-N27 -> 0 | Q27: FALSE | R27: =IF(January!R27="","",January!R27)
A28: =IF(January!A28="","",January!A28) | F28: FALSE | G28: =IF(January!G28="","",January!G28) -> Netflix | L28: =IF(January!L28="","",January!L28) -> Clothes | O28: =M28-N28 -> 0 | Q28: FALSE | R28: =IF(January!R28="","",January!R28)
A29: =IF(January!A29="","",January!A29) | F29: FALSE | G29: =IF(January!G29="","",January!G29) -> Disney Plus | L29: =IF(January!L29="","",January!L29) -> Entertainment | O29: =M29-N29 -> 0 | Q29: FALSE | R29: =IF(January!R29="","",January!R29)
A30: =IF(January!A30="","",January!A30) | F30: FALSE | G30: =IF(January!G30="","",January!G30) -> Maintenance | L30: =IF(January!L30="","",January!L30) -> Miscellaneous | O30: =M30-N30 -> 0 | Q30: FALSE | R30: =IF(January!R30="","",January!R30)
A31: =IF(January!A31="","",January!A31) | F31: FALSE | G31: =IF(January!G31="","",January!G31) -> Car | L31: =IF(January!L31="","",January!L31) | O31: =M31-N31 -> 0 | Q31: FALSE | R31: =IF(January!R31="","",January!R31)
A32: TOTAL | C32: =SUM(C20:C31) -> 0 | D32: =SUM(D20:D31) -> 0 | F32: FALSE | G32: =IF(January!G32="","",January!G32) | L32: =IF(January!L32="","",January!L32) | O32: =M32-N32 -> 0 | Q32: FALSE | R32: =IF(January!R32="","",January!R32)
F33: FALSE | G33: =IF(January!G33="","",January!G33) | L33: =IF(January!L33="","",January!L33) | O33: =M33-N33 -> 0 | Q33: FALSE | R33: =IF(January!R33="","",January!R33)
A34: SAVINGS | F34: FALSE | G34: =IF(January!G34="","",January!G34) | L34: =IF(January!L34="","",January!L34) | O34: =M34-N34 -> 0 | Q34: FALSE | R34: =IF(January!R34="","",January!R34)
A35: CATEGORIE | C35: BUDGET | D35: ACTUAL | F35: FALSE | G35: =IF(January!G35="","",January!G35) | L35: =IF(January!L35="","",January!L35) | O35: =M35-N35 -> 0 | Q35: FALSE | R35: =IF(January!R35="","",January!R35)
A36: FALSE | B36: =IF(January!B36="","",January!B36) -> Car | F36: FALSE | G36: =IF(January!G36="","",January!G36) | L36: =IF(January!L36="","",January!L36) | O36: =M36-N36 -> 0 | Q36: FALSE | R36: =IF(January!R36="","",January!R36)
A37: FALSE | B37: =IF(January!B37="","",January!B37) -> House | F37: FALSE | G37: =IF(January!G37="","",January!G37) | L37: =IF(January!L37="","",January!L37) | O37: =M37-N37 -> 0 | Q37: FALSE | R37: =IF(January!R37="","",January!R37)
A38: FALSE | B38: =IF(January!B38="","",January!B38) | F38: FALSE | G38: =IF(January!G38="","",January!G38) | L38: =IF(January!L38="","",January!L38) | O38: =M38-N38 -> 0 | Q38: FALSE | R38: =IF(January!R38="","",January!R38)
A39: FALSE | B39: =IF(January!B39="","",January!B39) | F39: FALSE | G39: =IF(January!G39="","",January!G39) | L39: =IF(January!L39="","",January!L39) | O39: =M39-N39 -> 0 | Q39: FALSE | R39: =IF(January!R39="","",January!R39)
A40: FALSE | B40: =IF(January!B40="","",January!B40) | F40: FALSE | G40: =IF(January!G40="","",January!G40) | L40: =IF(January!L40="","",January!L40) | O40: =M40-N40 -> 0 | Q40: FALSE | R40: =IF(January!R40="","",January!R40)
A41: FALSE | B41: =IF(January!B41="","",January!B41) | F41: FALSE | G41: =IF(January!G41="","",January!G41) | L41: =IF(January!L41="","",January!L41) | O41: =M41-N41 -> 0 | Q41: FALSE | R41: =IF(January!R41="","",January!R41)
A42: FALSE | B42: =IF(January!B42="","",January!B42) | F42: FALSE | G42: =IF(January!G42="","",January!G42) | L42: =IF(January!L42="","",January!L42) | O42: =M42-N42 -> 0 | Q42: FALSE | R42: =IF(January!R42="","",January!R42)
A43: FALSE | B43: =IF(January!B43="","",January!B43) | F43: FALSE | G43: =IF(January!G43="","",January!G43) | L43: =IF(January!L43="","",January!L43) | O43: =M43-N43 -> 0 | Q43: FALSE | R43: =IF(January!R43="","",January!R43)
A44: FALSE | B44: =IF(January!B44="","",January!B44) | F44: FALSE | G44: =IF(January!G44="","",January!G44) | L44: =IF(January!L44="","",January!L44) | O44: =M44-N44 -> 0 | Q44: FALSE | R44: =IF(January!R44="","",January!R44)
A45: FALSE | B45: =IF(January!B45="","",January!B45) | F45: FALSE | G45: =IF(January!G45="","",January!G45) | L45: =IF(January!L45="","",January!L45) | O45: =M45-N45 -> 0 | Q45: FALSE | R45: =IF(January!R45="","",January!R45)
A46: FALSE | B46: =IF(January!B46="","",January!B46) | F46: FALSE | G46: =IF(January!G46="","",January!G46) | L46: =IF(January!L46="","",January!L46) | O46: =M46-N46 -> 0 | Q46: FALSE | R46: =IF(January!R46="","",January!R46)
A47: FALSE | B47: =IF(January!B47="","",January!B47) | F47: FALSE | G47: =IF(January!G47="","",January!G47) | L47: =IF(January!L47="","",January!L47) | O47: =M47-N47 -> 0 | Q47: FALSE | R47: =IF(January!R47="","",January!R47)
A48: TOTAL | C48: =SUM(C36:C47) -> 0 | D48: =SUM(IF(A36=TRUE,D36,0)+IF(A37=TRUE,D37,0)+IF(A38=TRUE,D38,0)+IF(A39=TRUE,D39,0)+IF(A40=TRUE,D40,0)+IF(A41=TRUE,D41,0)+IF(A42=TRUE,D42,0)+IF(A43=TRUE,D43,0)+IF(A44=TRUE,D44,0)+IF(A45=TRUE,D45,0)+IF(A46=TRUE,D46,0)+IF(A47=TRUE,D47,0)) -> 0 | F48: TOTAL | I48: =SUM(I20:I47) -> 0 | J48: =SUM(IF(F20=TRUE,J20,0)+IF(F21=TRUE,J21,0)+IF(F22=TRUE,J22,0)+IF(F23=TRUE,J23,0)+IF(F24=TRUE,J24,0)+IF(F25=TRUE,J25,0)+IF(F26=TRUE,J26,0)+IF(F27=TRUE,J27,0)+IF(F28=TRUE,J28,0)+IF(F29=TRUE,J29,0)+IF(F30=TRUE,J30,0)+IF(F31=TRUE,J31,0)+IF(F32=TRUE,J32,0)+IF(F33=TRUE,J33,0)+IF(F34=TRUE,J34,0)+IF(F35=TRUE,J35,0)+IF(F36=TRUE,J36,0)+IF(F37=TRUE,J37,0)+IF(F38=TRUE,J38,0)+IF(F39=TRUE,J39,0)+IF(F40=TRUE,J40,0)+IF(F41=TRUE,J41,0)+IF(F42=TRUE,J42,0)+IF(F43=TRUE,J43,0)+IF(F44=TRUE,J44,0)+IF(F45=TRUE,J45,0)+IF(F46=TRUE,J46,0)+IF(F47=TRUE,J47,0)) -> 0 | L48: TOTAL | M48: =SUM(M20:M47) -> 0 | N48: =SUM(N20:N47) -> 0 | O48: =SUM(O20:O47) -> 0 | Q48: TOTAL | T48: =SUM(T20:T47) -> 0 | U48: =SUM(IF(Q20=TRUE,U20,0)+IF(Q21=TRUE,U21,0)+IF(Q22=TRUE,U22,0)+IF(Q23=TRUE,U23,0)+IF(Q24=TRUE,U24,0)+IF(Q25=TRUE,U25,0)+IF(Q26=TRUE,U26,0)+IF(Q27=TRUE,U27,0)+IF(Q28=TRUE,U28,0)+IF(Q29=TRUE,U29,0)+IF(Q30=TRUE,U30,0)+IF(Q31=TRUE,U31,0)+IF(Q32=TRUE,U32,0)+IF(Q33=TRUE,U33,0)+IF(Q34=TRUE,U34,0)+IF(Q35=TRUE,U35,0)+IF(Q36=TRUE,U36,0)+IF(Q37=TRUE,U37,0)+IF(Q38=TRUE,U38,0)+IF(Q39=TRUE,U39,0)+IF(Q40=TRUE,U40,0)+IF(Q41=TRUE,U41,0)+IF(Q42=TRUE,U42,0)+IF(Q43=TRUE,U43,0)+IF(Q44=TRUE,U44,0)+IF(Q45=TRUE,U45,0)+IF(Q46=TRUE,U46,0)+IF(Q47=TRUE,U47,0)) -> 0
A50: EXPENSE TRACKER
A51: DATE | C51: AMOUNT | E51: CATEGORY | H51: NOTES
Q60: EXPENSE BREAKDOWN
Q61: CATEGORY | T61: TOTAL | U61: %
Q62: Transport | T62: {=SUM(IF($E$52:$G$86=$Q62,$C$52:$D$86,0))} -> 0 | U62: =IF($T$69=0,"",$T62/$T$69)
Q63: Groceries | T63: {=SUM(IF($E$52:$G$86=$Q63,$C$52:$D$86,0))} -> 0 | U63: =IF($T$69=0,"",$T63/$T$69)
Q64: Self Investment | T64: {=SUM(IF($E$52:$G$86=$Q64,$C$52:$D$86,0))} -> 0 | U64: =IF($T$69=0,"",$T64/$T$69)
Q65: Quality Time & Free Time | T65: {=SUM(IF($E$52:$G$86=$Q65,$C$52:$D$86,0))} -> 0 | U65: =IF($T$69=0,"",$T65/$T$69)
Q66: Household | T66: {=SUM(IF($E$52:$G$86=$Q66,$C$52:$D$86,0))} -> 0 | U66: =IF($T$69=0,"",$T66/$T$69)
Q67: Gifts | T67: {=SUM(IF($E$52:$G$86=$Q67,$C$52:$D$86,0))} -> 0 | U67: =IF($T$69=0,"",$T67/$T$69)
Q68: Others | T68: {=SUM(IF($E$52:$G$86=$Q68,$C$52:$D$86,0))} -> 0 | U68: =IF($T$69=0,"",$T68/$T$69)
Q69: TOTAL | T69: =SUM(T62:T69) -> 0 | U69: =SUM(U62:U68) -> 0
A87: TOTAL | C87: =SUM(C52:D86) -> 0

Sheet Goal Tracker
A1: SAVINGS
A3: GOALS ACHIEVED | D3: TOTAL GOALS | G3: TOTAL START | J3: TOTAL SAVED | M3: LEFT TO SAVE
A4: =IF(B9="",0,IF(B12=0,1,0))+IF(E9="",0,IF(E12=0,1,0))+IF(H9="",0,IF(H12=0,1,0))+IF(K9="",0,IF(K12=0,1,0))+IF(N9="",0,IF(N12=0,1,0)) -> 0 | D4: =B9+E9+H9+K9+N9 -> 0 | G4: =B10+E10+H10+K10+N10 -> 0 | J4: =B11+E11+H11+K11+N11 -> 0 | M4: =B12+E12+H12+K12+N12 -> 0
A6: SAVINGS | D6: SAVINGS | G6: SAVINGS | J6: SAVINGS | M6: SAVINGS
A7: =IF(January!B36="","",January!B36) -> Car | D7: =IF(January!B37="","",January!B37) -> House | G7: =IF(January!B38="","",January!B38) | J7: =IF(January!B39="","",January!B39) | M7: =IF(January!B40="","",January!B40)
A9: Goal | D9: Goal | G9: Goal | J9: Goal | M9: Goal
A10: Start | D10: Start | E10: 0 | G10: Start | J10: Start | K10: 0 | M10: Start | N10: 0
A11: Saved | B11: =January!D36+February!D36+March!D36+April!D36+May!D36+June!D36+July!D36+August!D36+September!D36+October!D36+November!D36+December!D36 -> 0 | D11: Saved | E11: =January!D37+February!D37+March!D37+April!D37+May!D37+June!D37+July!D37+August!D37+September!D37+October!D37+November!D37+December!D37 -> 0 | G11: Saved | H11: =January!D38+February!D38+March!D38+April!D38+May!D38+June!D38+July!D38+August!D38+September!D38+October!D38+November!D38+December!D38 -> 0 | J11: Saved | K11: =January!D39+February!D39+March!D39+April!D39+May!D39+June!D39+July!D39+August!D39+September!D39+October!D39+November!D39+December!D39 -> 0 | M11: Saved | N11: =January!D40+February!D40+March!D40+April!D40+May!D40+June!D40+July!D40+August!D40+September!D40+October!D40+November!D40+December!D40 -> 0
A12: Left to Save | B12: =B9-B10-B11 -> 0 | D12: Left to Save | E12: =E9-E10-E11 -> 0 | G12: Left to Save | H12: =H9-H10-H11 -> 0 | J12: Left to Save | K12: =K9-K10-K11 -> 0 | M12: Left to Save | N12: =N9-N10-N11 -> 0
A14: DEBT
A16: DEBT PAID OFF | D16: TOTAL DEBT | G16: TOTAL START | J16: TOTAL PAID | M16: LEFT TO PAY
A17: =IF(B22="",0,IF(B25=0,1,0))+IF(E22="",0,IF(E25=0,1,0))+IF(H22="",0,IF(H25=0,1,0))+IF(K22="",0,IF(K25=0,1,0))+IF(N22="",0,IF(N25=0,1,0)) -> 0 | D17: =B22+E22+H22+K22+N22 -> 0 | G17: =B23+E23+H23+K23+N23 -> 0 | J17: =B24+E24+H24+K24+N24 -> 0 | M17: =B25+E25+H25+K25+N25 -> 0
A19: DEBT | D19: DEBT | G19: DEBT | J19: DEBT | M19: DEBT
A20: =IF(January!R20="","",January!R20) | D20: =IF(January!R21="","",January!R21) | G20: =IF(January!R22="","",January!R22) | J20: =IF(January!R23="","",January!R23) | M20: =IF(January!R24="","",January!R24)
A22: Debt | D22: Debt | G22: Debt | J22: Debt | M22: Debt
A23: Start Debt | D23: Start Debt | G23: Start Debt | J23: Start Debt | M23: Start Debt
A24: Paid Off | B24: =January!U20+February!U20+March!U20+April!U20+May!U20+June!U20+July!U20+August!U20+September!U20+October!U20+November!U20+December!U20 -> 0 | D24: Paid Off | E24: =January!U21+February!U21+March!U21+April!U21+May!U21+June!U21+July!U21+August!U21+September!U21+October!U21+November!U21+December!U21 -> 0 | G24: Paid Off | H24: =January!U22+February!U22+March!U22+April!U22+May!U22+June!U22+July!U22+August!U22+September!U22+October!U22+November!U22+December!U22 -> 0 | J24: Paid Off | K24: =January!U23+February!U23+March!U23+April!U23+May!U23+June!U23+July!U23+August!U23+September!U23+October!U23+November!U23+December!U23 -> 0 | M24: Paid Off | N24: =January!U24+February!U24+March!U24+April!U24+May!U24+June!U24+July!U24+August!U24+September!U24+October!U24+November!U24+December!U24 -> 0
A25: Left to Pay | B25: =B22-B23-B24 -> 0 | D25: Left to Pay | E25: =E22-E23-E24 -> 0 | G25: Left to Pay | H25: =H22-H23-H24 -> 0 | J25: Left to Pay | K25: =K22-K23-K24 -> 0 | M25: Left to Pay | N25: =N22-N23-N24 -> 0
